Workbook
Name A_IMPRESIÓN_IM: #REF!
Name aa: #REF!
Name ADFR: #REF!
Name AS: #REF!
Name ed: #REF!
Name impresiona: #REF!
Name ITEM: #REF!
Name KPO: #REF!
Name matriz: #REF!
Name MATRIZED: #REF!
Name oui: #REF!
Name q: #REF!
Name RELLENO: #REF!
Name SSS: #REF!
Name V_U_Actual: #REF!

Sheet Hoja1
V13: Km
V14: 804 | W14: 0.97 | X14: =+W14*V14 -> 779.88
V16: Kg
V17: 1000 | X17: =+X14*V17 -> 779880
X23: ton / 164 KM | Y23: Ton/Km
V24: Lancha | X24: 573595 | Y24: =+X24/164 -> 3497.5305
Y29: =+Y24*10 -> 34975.305
B30: Cambio de puerta de madera inmunizada bajo el sistema vacío presión, con sales CCA 9.6 kg/m3 tipo Osmose, bajo estándares de calidad que permitan dar garantía contra hongos, insectos perforadores y pudrición por 20 años, incluye tornillería y accesorios de instalación en acero al carbono con recubrimiento multicapa 20 μm con tratamiento superficial a base de resina epódica y hojuelas de aluminio tipo Rothoblaas o similar para exteriores con fy=1000 MPa de entrada fluvial exterior | I30: 2000000
E34: =+ROUND(I34*$I$6/8,0) -> 0 | I34: 1277730
E83: 2842 | I83: 2842
E84: 152468 | I84: 128602
E85: 152468 | I85: 128602
E86: 152468 | I86: 129841
B87: Suministro e instalacion de pilotes cilindrados en madera tipo pátula, inmunizada bajo el sistema vacío presión, con sales CCA 16 kg/m3 tipo Osmose, bajo estándares de calidad que permitan dar garantía contra hongos, insectos perforadores y pudrición por 20 años) incluye tornillería rothoblaas y accesorios de instalación - Ø0,16m | I87: 139041
B88: Suministro e instalacion de pilotes cilindrados en madera tipo pátula, inmunizada bajo el sistema vacío presión, con sales CCA 16 kg/m3 tipo Osmose, bajo estándares de calidad que permitan dar garantía contra hongos, insectos perforadores y pudrición por 20 años) incluye tornillería rothoblaas y accesorios de instalación - Ø0,20m | I88: 151041
B89: Ensamble sumininistro e instalacion de zapatas madera tipo pátula, inmunizada bajo el sistema vacío presión, con sales CCA 16 kg/m3 tipo Osmose, bajo estándares de calidad que permitan dar garantía contra hongos, insectos perforadores y pudrición por 20 años) incluye tornillería rothoblaas y accesorios de instalación - 0,67m 0,48m x 0,2m | I89: 159319
B90: Suministro e instalación de vigas V1 (Estructura ) madera tipo pátula, inmunizada bajo el sistema vacío presión, con sales CCA 9 kg/m3 tipo Osmose, bajo estándares de calidad que permitan dar garantía contra hongos, insectos perforadores y pudrición por 20 años)incluye tornillería rothoblaas y accesorios de instalación - 0,19x0,08. | I90: 124863
B91: Suministro e instalación de vigas V3 (Estructura ) madera tipo pátula, inmunizada bajo el sistema vacío presión, con sales CCA 9kg/m3 tipo Osmose, bajo estándares de calidad que permitan dar garantía contra hongos, insectos perforadores y pudrición por 20 años)incluye tornillería rothoblaas y accesorios de instalación - 0,19x0,04. | I91: 87813
B92: Suministro e instalación de vigas V5 (Estructura ) madera tipo pátula, inmunizada bajo el sistema vacío presión, con sales CCA 9kg/m3 tipo Osmose, bajo estándares de calidad que permitan dar garantía contra hongos, insectos perforadores y pudrición por 20 años)incluye tornillería rothoblaas y accesorios de instalación - 0,14x0,04. | I92: 96653
B93: Suministro e instalación de vigas V7 (Estructura ) madera tipo pátula, inmunizada bajo el sistema vacío presión, con sales CCA 9 kg/m3 tipo Osmose, bajo estándares de calidad que permitan dar garantía contra hongos, insectos perforadores y pudrición por 20 años)incluye tornillería rothoblaas y accesorios de instalación 0,08x0,04. | I93: 74181
B94: Suministro e instalación de vigas gualderas madera tipo pátula, inmunizada bajo el sistema vacío presión, con sales CCA 9 kg/m3 tipo Osmose, bajo estándares de calidad que permitan dar garantía contra hongos, insectos perforadores y pudrición por 20 años)incluye tornillería rothoblaas y accesorios de instalación 0,19x0,04. | I94: 87813
B95: Suministro e instalacion de tablilla piso dilatada 0,01m entre listones en madera tipo pátula, inmunizada bajo el sistema vacío presión, con sales CCA 9 kg/m3 tipo Osmose, bajo estándares de calidad que permitan dar garantía contra hongos, insectos perforadores y pudrición por 20 años) incluye tornillería rothoblaas y accesorios de instalación Similar al existente - 0,018x0,08x3 m. | I95: 96384
B96: Suministro e instalación de huella de seccion rectangular para escaleras en madera tipo pátula, inmunizada bajo el sistema vacío presión, con sales CCA9 kg/m3 tipo Osmose, bajo estándares de calidad que permitan dar garantía contra hongos, insectos perforadores y pudrición por 20 años)incluye tornillería rothoblaas y accesorios de instalación - 1,2x0,30x0,04m. | I96: 51462
B97: Suministro e instalación de bocel de seccion triangular para remates de piso en madera tipo pátula, inmunizada bajo el sistema vacío presión, con sales CCA 9 kg/m3 tipo Osmose, bajo estándares de calidad que permitan dar garantía contra hongos, insectos perforadores y pudrición por 20 años)incluye tornillería rothoblaas y accesorios de instalación - 0,04x0,08m. | I97: 43590
B98: Suministro e instalación de prefabricado en concretro tipo sardinel Ref: A-10 o equivalente - 0,50x0,20x0,80 | I98: 81390
... B112: Suministro e instalación de pies de amigo (Estructura ) madera tipo pátula, inmunizada bajo el sistema vacío presión, con sales CCA 9kg/m3 tipo Osmose, bajo estándares de calidad que permitan dar garantía contra hongos, insectos perforadores y pudrición por 20 años)incluye tornillería rothoblaas y accesorios de instalación -0,04x0,14. | I112: 87087
D113: 36.2 | I113: 210181
I114: 154181
A115: =A113+0.01 -> 0.01 | B115: Suministro e instalación de la red sanitaria incluyendo accesorios de acuerdo a las especificaciones técnicas del plano - ubicación general | C115: un | I115: 6554933
B116: Suministro e instalación de la red hidráulica incluyendo accesorios de acuerdo a las especificaciones técnicas del plano - - ubicación general | C116: un | I116: 270603
I117: 697535
I118: 36290
I119: 221290
I120: 46290
I121: 36290
I122: 122590
B123: Suministro e instalación de Puerta P-2 abatible y marco en madera inmunizada, con la forma y dimensiones especificadas para las carpinterias del proyecto, de acuerdo a lo señalado en los Planos Arquitectónicos y en los Planos , Incluye elementos de fijación. - 0,69*2,0 | I123: 1080905
I124: 344905
I125: 334905
I126: 51510
I127: 70649
I128: 44449
I129: 58375
I130: 160649
I131: 65649
I132: 137908
B133: Suministro e instalación de sistema de puesta a tierra con una varilla Cu - Cu 5/8"x8', incluye cableado Cu N. 10 AWG, conector en cobre, tubería PVC y conexión. Con normatividad vigente (RETIE). - ubicación general | C133: un | I133: 422546
D155: 19
D156: =+ROUND(D155*1.1,0) -> 21
D157: 30
B158: Cambio de puerta de madera inmunizada bajo el sistema vacío presión, con sales CCA 9.6 kg/m3 tipo Osmose, bajo estándares de calidad que permitan dar garantía contra hongos, insectos perforadores y pudrición por 20 años, incluye tornillería y accesorios de instalación en acero al carbono con recubrimiento multicapa 20 μm con tratamiento superficial a base de resina epódica y hojuelas de aluminio tipo Rothoblaas o similar para exteriores con fy=1000 MPa de entrada fluvial exterior | D158: 4 | E158: =+ROUND(I158*$I$6/2,0) -> 0 | I158: 2000000
D159: 4 | I159: 697535
B176: Adecuación Baños secos
D177: 2 | I177: 697535
B178: Suministro e instalación de la red sanitaria | C178: un | D178: 1 | E178: 750000
B179: Suministro e instalación de la red hidráulica | C179: un | D179: 1 | E179: 350000

Sheet Valores Base
O2: PARQUES NATURALES DE COLOMBIA
O3: MUROS EN MADERA SERYE
O4: PRESUPUESTO GENERAL DETALLADO POR CAPÍTULOS.
O6: ÍTEM | P6: DESCRIPCIÓN | Q6: UND | R6: CANTIDAD | S6: Vr. UNIT | T6: Vr. PARCIAL
O7: 1 | P7: MADERA INMUNIZADA POR ML 9 CCA KG/MT3
O8: =O7+0.01 -> 1.01 | P8: SUMINISTRO, INSTALACION Y TRANSPORTES DE LISTON DE MADERA 2 cm X 2 cm CCA 9 KG/MT3 | Q8: ml | R8: 1 | S8: 6924 | T8: 6924
O9: =O8+0.01 -> 1.02 | P9: SUMINISTRO, INSTALACION Y TRANSPORTES DE LISTON DE MADERA 2 cm X 4 cm CCA 9 KG/MT3 | Q9: ml | R9: 1 | S9: 8061 | T9: 8061
O10: =O9+0.01 -> 1.03 | P10: SUMINISTRO, INSTALACION Y TRANSPORTES DE LISTON DE MADERA 2 cm X 9 cm CCA 9 KG/MT3 | Q10: ml | R10: 1 | S10: 11987 | T10: 11987
O11: =O10+0.01 -> 1.04 | P11: SUMINISTRO, INSTALACION Y TRANSPORTES DE LISTON DE MADERA 2 cm X 14 cm CCA 9 KG/MT3 | Q11: ml | R11: 1 | S11: 15911 | T11: 15911
O12: =O11+0.01 -> 1.05 | P12: SUMINISTRO, INSTALACION Y TRANSPORTES DE LISTON DE MADERA 4 cm X 9 cm CCA 9 KG/MT3 | Q12: ml | R12: 1 | S12: 18129 | T12: 18129
O13: =O12+0.01 -> 1.06 | P13: SUMINISTRO, INSTALACION Y TRANSPORTES DE LISTON DE MADERA 4 cm X 14 cm CCA 9 KG/MT3 | Q13: ml | R13: 1 | S13: 24913 | T13: 24913
O14: =O13+0.01 -> 1.07 | P14: SUMINISTRO, INSTALACION Y TRANSPORTES DE LISTON DE MADERA 9 cm X 9 cm CCA 9 KG/MT3 | Q14: ml | R14: 1 | S14: 31143 | T14: 31143
O15: =O14+0.01 -> 1.08 | P15: SUMINISTRO, INSTALACION Y TRANSPORTES DE LISTON DE MADERA 9 cm X 14 cm CCA 9 KG/MT3 | Q15: ml | R15: 1 | S15: 45518 | T15: 45518
O16: =O15+0.01 -> 1.09 | P16: SUMINISTRO, INSTALACION Y TRANSPORTES DE Tablilla piso 1,8x8 x m2 CCA 9 KG/MT3 | Q16: m2 | R16: 1 | S16: 73700 | T16: 73700
O17: =O16+0.01 -> 1.1 | P17: SUMINISTRO, INSTALACION Y TRANSPORTES DE Tablilla techo 1x8 x m2 CCA 9 KG/MT3 | Q17: m2 | R17: 1 | S17: 48130 | T17: 48130
O18: =O17+0.01 -> 1.11 | P18: SUMINISTRO, INSTALACION Y TRANSPORTES DE Tablilla forro 1,6x8 x m2 CCA 9 KG/MT3 | Q18: m2 | R18: 1 | S18: 67608 | T18: 67608
O19: =O18+0.01 -> 1.12 | P19: SUMINISTRO, INSTALACION Y TRANSPORTES DE ALFARDAS 9 cm CCA 9 KG/MT5 | Q19: ml | R19: 1 | S19: 24619 | T19: 24619
... O21: =O20+0.01 -> 1.14 | P21: SUMINISTRO, INSTALACION Y TRANSPORTES DE ALFARDAS 14,5 cm CCA 9 KG/MT8 | Q21: ml | R21: 1 | S21: 50053 | T21: 50053
O22: 2 | P22: MADERA INMUNIZADA POR ML 16 CCA KG/MT3
O23: =O22+0.01 -> 2.01 | P23: SUMINISTRO, INSTALACION Y TRANSPORTES DE LISTON DE MADERA 2 cm X 2 cm CCA 16 KG/MT3 | Q23: ml | R23: 1 | S23: 6993 | T23: 6993
O24: =O23+0.01 -> 2.02 | P24: SUMINISTRO, INSTALACION Y TRANSPORTES DE LISTON DE MADERA 2 cm X 4 cm CCA 16 KG/MT3 | Q24: ml | R24: 1 | S24: 8163 | T24: 8163
O25: =O24+0.01 -> 2.03 | P25: SUMINISTRO, INSTALACION Y TRANSPORTES DE LISTON DE MADERA 2 cm X 9 cm CCA 16 KG/MT3 | Q25: ml | R25: 1 | S25: 12331 | T25: 12331
O26: =O25+0.01 -> 2.04 | P26: SUMINISTRO, INSTALACION Y TRANSPORTES DE LISTON DE MADERA 2 cm X 14 cm CCA 16 KG/MT3 | Q26: ml | R26: 1 | S26: 16463 | T26: 16463
O27: =O26+0.01 -> 2.05 | P27: SUMINISTRO, INSTALACION Y TRANSPORTES DE LISTON DE MADERA 4 cm X 9 cm CCA 16 KG/MT3 | Q27: ml | R27: 1 | S27: 18888 | T27: 18888
O28: =O27+0.01 -> 2.06 | P28: SUMINISTRO, INSTALACION Y TRANSPORTES DE LISTON DE MADERA 4 cm X 14 cm CCA 16 KG/MT3 | Q28: ml | R28: 1 | S28: 26084 | T28: 26084
O29: =O28+0.01 -> 2.07 | P29: SUMINISTRO, INSTALACION Y TRANSPORTES DE LISTON DE MADERA 9 cm X 9 cm CCA 16 KG/MT3 | Q29: ml | R29: 1 | S29: 32797 | T29: 32797
O30: =O29+0.01 -> 2.08 | P30: SUMINISTRO, INSTALACION Y TRANSPORTES DE LISTON DE MADERA 9 cm X 14 cm CCA 16 KG/MT3 | Q30: ml | R30: 1 | S30: 48137 | T30: 48137
O31: =O30+0.01 -> 2.09 | P31: SUMINISTRO, INSTALACION Y TRANSPORTES DE Tablilla piso 1,8x8 x m2 CCA 16 KG/MT3 | Q31: m2 | R31: 1 | S31: 77834 | T31: 77834
O32: =O31+0.01 -> 2.1 | P32: SUMINISTRO, INSTALACION Y TRANSPORTES DE Tablilla techo 1x8 x m2 CCA 16 KG/MT3 | Q32: m2 | R32: 1 | S32: 50197 | T32: 50197
O33: =O32+0.01 -> 2.11 | P33: SUMINISTRO, INSTALACION Y TRANSPORTES DE Tablilla forro 1,6x8 x m2 CCA 16 KG/MT3 | Q33: m2 | R33: 1 | S33: 71742 | T33: 71742
O34: =O33+0.01 -> 2.12 | P34: SUMINISTRO, INSTALACION Y TRANSPORTES DE ALFARDAS x 9 cm CCA 16 KG/MT5 | Q34: ml | R34: 1 | S34: 25911 | T34: 25911
... O36: =O35+0.01 -> 2.14 | P36: SUMINISTRO, INSTALACION Y TRANSPORTES DE ALFARDAS x 14,5 cm CCA 16 KG/MT8 | Q36: ml | R36: 1 | S36: 53484 | T36: 53484
P38: De acuerdo al analisis de precios unitarios
B39: https://www.laferreteriagravina.com/alquiler-de-herramientas
B41: 312 5071086 | D41: 44606

Sheet RESUMEN
A1: ID | B1: DESCRIPCION | C1: COSTO DIRECTO | F1: Peso
A2: 1 | B2: Sede Administrativa (Casa de funcionarios) - 24989 | C2: =PPTO!F8 -> 0 | E2: Fibrocemento | F2: =283*16.78/1000 -> 4.74874
A3: 2 | B3: Cabaña del jefe de área - 24990 | C3: =PPTO!F80 -> 0 | E3: Tejas | F3: 5
A4: 3 | B4: Cabaña Laboratorio (Bodega) - 24991 | C4: =PPTO!F128 -> 0 | E4: Vidrio | F4: 1
A5: 4 | B5: Cabaña de Funcionarios | C5: =PPTO!F159 -> 0
A6: 5 | B6: Batería de baños - 24993 | C6: =PPTO!F191 -> 0
A7: 6 | B7: SISTEMA DE TRATAMIENTO AGUAS RESIDUALES | C7: =PPTO!F219 -> 0
A8: 7 | B8: Administración | C8: =PPTO!F227 -> 0
A9: 8 | B9: Imprevistos | C9: =PPTO!F228 -> 0
A10: 9 | B10: Utilidad | C10: =PPTO!F229 -> 0
A11: 10 | B11: Iva sobre utilidad | C11: =PPTO!F231 -> 0
B12: SUBTOTAL SIN TRANSPORTE | C12: =SUM(C2:C11) -> 0
A13: 11 | B13: Transporte | C13: =PPTO!F235 -> 0
B14: TOTAL | C14: =C12+C13 -> 0 | E14: =C14*0.4 -> 0
E15: =C14-E14 -> 0

Sheet PPTO
A1: PARQUES NACIONALES NATURALES DE COLOMBIA PNN TUPARRO PRESUPUESTO ESTIMADO VIGENCIA 2023 - OBRA
A6: SECTOR EL TOMO
B7: DESCRIPCIÓN | C7: UNIDAD | D7: CANTIDAD | E7: VALOR UNITARIO | F7: VALOR TOTAL | H7: Peso Aproximado TON
A8: Sede Administrativa (Casa de funcionarios) - 24989 | F8: =+F9+F12+F18++F22+F24+F26+F29+F33+F36+F42+F57+F68+F78 -> 0
A9: 1 | B9: PRELIMINARES | F9: =SUM(F10:F11) -> 0
A10: =A9+0.01 -> 1.01 | B10: Demolición escalera en concreto | C10: gl | D10: 1 | F10: =ROUND(D10*E10,0) -> 0 | H10: =1*D10 -> 1
A11: =A10+0.01 -> 1.02 | B11: Desmonte de cielo raso existente | C11: m² | D11: 100 | F11: =ROUND(D11*E11,0) -> 0 | H11: =5*D11/1000 -> 0.5
A12: 2 | B12: ESTRUCTURA METALICA | F12: =SUM(F13:F17) -> 0
A13: =A12+0.01 -> 2.01 | B13: Mantenimiento cercha de soporte para la pasarela del segundo piso (anticorrosivo + pintura) h=0.15 m | C13: ml | D13: 20.27 | F13: =ROUND(D13*E13,0) -> 0
A14: =A13+0.01 -> 2.02 | B14: Suministro e instalación de platinas de 0.40 x 0.30 para la cercha de soporte cubierta | C14: un | D14: 28 | F14: =ROUND(D14*E14,0) -> 0 | H14: =((8050*0.4*0.3*0.005)/1000)*D14 -> 0.13524
A15: =A14+0.01 -> 2.03 | B15: Suministro e instalación de platinas de 0.145 x 0.30 para la cercha de soporte cubierta (tipo 1) | C15: un | D15: 24 | F15: =ROUND(D15*E15,0) -> 0 | H15: =(8050*(0.3*0.145*0.005)/1000)*D15 -> 0.042021
A16: =A15+0.01 -> 2.04 | B16: Suministro e instalación de platinas para la cercha de soporte cubierta (tipo 2) | C16: un | D16: 28 | F16: =ROUND(D16*E16,0) -> 0 | H16: =(8050*(0.3*0.145*0.005)/1000)*D16 -> 0.0490245
A17: =A16+0.01 -> 2.05 | B17: Suministro e instalación de platinas para cercha ( cumbrera de la cubierta) | C17: un | D17: 13 | F17: =ROUND(D17*E17,0) -> 0 | H17: 0.1
A18: 3 | B18: ESTRUCTURA MADERA | F18: =SUM(F19:F21) -> 0
A19: =A18+0.01 -> 3.01 | B19: Suministro e instalación de ventanas en madera pino patula inmunizado bajo el sistema vacío presión con sales CCA 9,6 K/m2 (tipo Osmose, bajo estándares de calidad que permitan dar garantía contra hongos, insectos perforadores y pudrición por 20 años) incluye vidrio de 4mm | C19: m² | D19: 108.2 | F19: =ROUND(D19*E19,0) -> 0 | H19: =10*D19/1000 -> 1.082
A20: =A19+0.01 -> 3.02 | B20: Suministro e instalación de marco y puerta de madera inmunizada 1.00x2.35 m incluye chapas cedro tabla tríplex | C20: un | D20: 11 | F20: =ROUND(D20*E20,0) -> 0 | H20: =35*D20/1000 -> 0.385
A21: =A20+0.01 -> 3.03 | B21: Suministro e instalación de anjeos en fibra de vidrio | C21: m² | D21: 108.2 | F21: =ROUND(D21*E21,0) -> 0 | H21: =0.5*D21/1000 -> 0.0541
A22: 4 | B22: MAMPOSTERIA Y PAÑETES | F22: =SUM(F23:F25) -> 0
A23: 4.01 | B23: Resanes y reparaciones de mamposteria, paredes y pisos | C23: m2 | D23: 200 | F23: =D23*E23 -> 0
A24: 5 | B24: ESCALERA METALICA | F24: =SUM(F25:F25) -> 0
A25: 5.01 | B25: Escalera en Estructura Metálica | C25: un | D25: 1 | F25: =ROUND(D25*E25,0) -> 0 | H25: 0.5
A26: 6 | B26: PUNTURA INTERIOR Y EXTERIOR | F26: =SUM(F27:F28) -> 0
A27: =A26+0.01 -> 6.01 | B27: Pintura acrílica lavable con copolímeros de emulsión siliconada acabado mate a tres manos color blanco puro "Pintuco Ref. Viniltex Advanced" o similar. Incluye resanes. | C27: m² | D27: 546 | F27: =ROUND(D27*E27,0) -> 0 | H27: =30*21.84/1000 -> 0.6552 | I27: =D27/25 -> 21.84
A28: =A27+0.01 -> 6.02 | B28: Pintura tipo 1 acrílica lavable con protección UV acabado mate a tres manos color blanco puro "Pintuco Ref. Koraza" o similar. Incluye resanes | C28: m² | D28: 396.88 | F28: =ROUND(D28*E28,0) -> 0 | H28: =30*I28/1000 -> 0.476256 | I28: =D28/25 -> 15.8752
A29: 7 | B29: CUBIERTA | F29: =SUM(F30:F32) -> 0
A30: =A29+0.01 -> 7.01 | B30: instalación de teja termoacústica tipo Sandwich con relleno de 30 mm de poliuretano (PUR), color azul el AP. Incluye accesorios (cumbrera, limatesa, limahoya, etc.). La entrega de material incluye accesorios de instalación y sellante. | C30: m² | D30: 275 | F30: =ROUND(D30*E30,0) -> 0 | H30: =0.0034*D30*7850/1000 -> 7.33975
A31: =A30+0.01 -> 7.02 | B31: Suministro e instalación Canal en acero galvanizado cal 18. | C31: ml | D31: 64.52 | F31: =ROUND(D31*E31,0) -> 0 | H31: =2*D31/1000 -> 0.12904
A32: =A31+0.01 -> 7.03 | B32: Suministro e instalación Bajante acero galvanizado cal 18. | C32: ml | D32: 30 | F32: =ROUND(D32*E32,0) -> 0 | H32: =2*D32/1000 -> 0.06
A33: 8 | B33: REDES HIDROSANITARIAS | F33: =SUM(F34:F35) -> 0
A34: =A33+0.01 -> 8.01 | B34: Excavación en conglomerado para tubería | C34: m3 | D34: 6.3 | F34: =ROUND(D34*E34,0) -> 0
A35: =A34+0.01 -> 8.02 | B35: Tubería pvc-sanitaria 4" | C35: ml | D35: 30 | F35: =ROUND(D35*E35,0) -> 0 | H35: 0.08
A36: 9 | B36: APARATOS SANITARIOS | F36: =SUM(F37:F41) -> 0
A37: =A36+0.01 -> 9.01 | B37: Suministro e instalación de sanitario tipo institucional color blanco incluye todos los accesorios para su correcto funcionamiento. | C37: un | D37: 2 | F37: =ROUND(D37*E37,0) -> 0 | H37: 0.06
A38: =A37+0.01 -> 9.02 | B38: Suministro e instalación de lavamanos de colgar tipo institucional color blanco incluye todos los accesorios para su correcto funcionamiento. | C38: un | D38: 2 | F38: =ROUND(D38*E38,0) -> 0 | H38: 0.06
A39: =A38+0.01 -> 9.03 | B39: Suministro e instalación de ducha, incluye grifería y todos los accesorios para su correcto funcionamiento. | C39: un | D39: 2 | F39: =ROUND(D39*E39,0) -> 0 | H39: 0.06
A40: =A39+0.01 -> 9.04 | B40: Suministro e instalación de lavaplatos en acero inoxidable, incluye grifería y todos los accesorios para su correcto funcionamiento | C40: un | D40: 1 | F40: =ROUND(D40*E40,0) -> 0 | H40: 0.03
A41: =A40+0.01 -> 9.05 | B41: Suministro e instalación de estufa a gas acero inoxidable | C41: un | D41: 1 | F41: =ROUND(D41*E41,0) -> 0 | H41: 0.05
A42: 10 | B42: REDES ELÉCTRICAS | F42: =SUM(F43:F56) -> 0
A43: =A42+0.01 -> 10.01 | B43: instalación de tablero de breakers monofásico de 12 circuitos, con puerta, incluye instalación de tablero, barrajes, breakers y todos los accesorios para su correcto funcionamiento y marcación respectiva. Con normatividad vigente (RETIE). | C43: un | D43: 1 | F43: =ROUND(D43*E43,0) -> 0 | H43: 0.05
A44: =A43+0.01 -> 10.02 | B44: instalación de punto para tomacorriente completa, (blanca), incluye instalación de tomacorriente, cableado No. 12 THHN / THWN, No. 12 THHN / THWN para tierra, tubería EMT o PVC SCH40 según se requiera, cajas de paso hasta el tablero de protecciones, pases a placa y todos los accesorios para su correcto funcionamiento y marcación respectiva. Con normatividad vigente (RETIE). | C44: un | D44: 24 | F44: =ROUND(D44*E44,0) -> 0 | H44: 0.05
A45: =A44+0.01 -> 10.03 | B45: instalación de punto para tomacorriente GFCI, (blanca), incluye instalación de tomacorriente, cableado No. 12 THHN / THWN, tubería EMT o PVC SCH40 según se requiera, cajas de paso hasta el tablero de protecciones, pases a placa y todos los accesorios para su correcto funcionamiento y marcación respectiva. Con normatividad vigente (RETIE). | C45: un | D45: 4 | F45: =ROUND(D45*E45,0) -> 0 | H45: 0.05
A46: =A45+0.01 -> 10.04 | B46: instalación de punto para iluminación tipo interior completa, incluye suministro e instalación de luminaria tipo aplique de pared LED dirigible de 18W, cableado, tubería EMT o PVC SCH40 según se requiera, cajas de paso hasta el tablero de protecciones y todos los accesorios para su correcto funcionamiento. Con normatividad vigente (RETIE, RETILAP). | C46: un | D46: 23 | F46: =ROUND(D46*E46,0) -> 0 | H46: 0.1
A47: =A46+0.01 -> 10.05 | B47: instalación de punto para iluminación tipo exterior completa, incluye suministro e instalación luminaria tipo Tortuga LED de 12W, cableado, tubería EMT o PVC SCH40 según se requiera, cajas de paso hasta el tablero de protecciones y todos los accesorios para su correcto funcionamiento. Con normatividad vigente (RETIE, RETILAP). | C47: un | D47: 6 | F47: =ROUND(D47*E47,0) -> 0 | H47: 0.1
A48: =A47+0.01 -> 10.06 | B48: instalación de punto para interruptor sencillo completa, (blanco), incluye instalación de interruptor, cableado, tubería EMT o PVC SCH40 según se requiera, cajas de paso hasta el tablero de protecciones y todos los accesorios para su correcto funcionamiento y marcación respectiva. Con normatividad vigente (RETIE). | C48: un | D48: 7 | F48: =ROUND(D48*E48,0) -> 0 | H48: 0.02
A49: =A48+0.01 -> 10.07 | B49: instalación de punto para interruptor sencillo conmutable completa, (blanco), incluye instalación de interruptor, cableado, tubería EMT o PVC SCH40 según se requiera, cajas de paso hasta el tablero de protecciones y todos los accesorios para su correcto funcionamiento y marcación respectiva. Con normatividad vigente (RETIE). | C49: un | D49: 8 | F49: =ROUND(D49*E49,0) -> 0 | H49: 0.1
A50: =A49+0.01 -> 10.08 | B50: instalación de punto para interruptor doble conmutable completa, (blanca), incluye instalación de interruptor, cableado No. 12 THHN / THWN, No. 12 THHN / THWN para tierra, tubería EMT o PVC SCH40 según se requiera, cajas de paso hasta el tablero de protecciones, pases a placa y todos los accesorios para su correcto funcionamiento y marcación respectiva. Con normatividad vigente (RETIE). | C50: un | D50: 2 | F50: =ROUND(D50*E50,0) -> 0 | H50: 0.01
A51: =A50+0.01 -> 10.09 | B51: instalación de punto para ventilador industrial de techo completo, (blanco), incluye instalación de ventilador de tres aspas 5 velocidades, cableado, tubería EMT o PVC SCH40 según se requiera, cajas de paso hasta el tablero de protecciones y todos los accesorios para su correcto funcionamiento y marcación respectiva. Con normatividad vigente (RETIE). | C51: UN | D51: 4 | F51: =ROUND(D51*E51,0) -> 0 | H51: 0.02
A52: =A51+0.01 -> 10.1 | B52: instalación de breakers para tablero normal de 1 x 20 A. Con normatividad vigente (RETIE). | C52: un | D52: 9 | F52: =ROUND(D52*E52,0) -> 0 | H52: 0
A53: =A52+0.01 -> 10.11 | B53: instalación de breakers para tablero normal de 1 x 50 A. Con normatividad vigente (RETIE). | C53: un | D53: 1 | F53: =ROUND(D53*E53,0) -> 0 | H53: 0
A54: =A53+0.01 -> 10.12 | B54: instalación de acometida 8(F) + 8(N)+10(T) para alimentación tablero normal, incluye instalación de cableado, tubería EMT o PVC SCH40 según se requiera, cajas de paso hasta el tablero de protecciones , pases a placa y todos los accesorios para su correcto funcionamiento. Con normatividad vigente (RETIE). | C54: ml | D54: 30 | F54: =ROUND(D54*E54,0) -> 0 | H54: 0.1
A55: =A54+0.01 -> 10.13 | B55: instalación de sistema de puesta a tierra con una varilla Cu - Cu 5/8"x8', incluye cableado Cu N. 10 AWG, conector en cobre, tubería PVC y conexión. O suministro e instalación de sistema de puesta a tierra con sistema de Hidrosolta. Se debe verificar en sitio cual es sistema que se pueda implementar. Con normatividad vigente (RETIE). | C55: gl | D55: 1 | F55: =ROUND(D55*E55,0) -> 0 | H55: 0
A56: =A55+0.01 -> 10.14 | B56: instalación de Grupo electrógeno con motor Diésel (Planta Eléctrica) de 16,5 kVA a 240 / 120V con cabina insonorizada, base tanque con autonomía de 8 horas y transferencia automática y todos los accesorios para su correcto funcionamiento. Con normatividad vigente (RETIE). | C56: gl | D56: 1 | F56: =ROUND(D56*E56,0) -> 0
A57: 11 | B57: SISTEMA FOTOVOLTAICO | F57: =SUM(F58:F67) -> 0 | H57: 0.5
A58: =A57+0.01 -> 11.01 | B58: instalación Inversor 3500 W / 24 V + controlador MPPT incluido <150A, relación DC/AC mínimo 120%, incluye configuración del inversor según indicaciones de diseño y todos los accesorios de montaje para su correcto funcionamiento. Con normatividad vigente (RETIE). | C58: un | D58: 2 | F58: =ROUND(D58*E58,0) -> 0
A59: =A58+0.01 -> 11.02 | B59: instalación estructura tipo techo en aluminio anodizado para 20 paneles de 430 Wp, incluye todos los accesorios de montaje para su correcto funcionamiento. | C59: gl | D59: 1 | F59: =ROUND(D59*E59,0) -> 0
A60: =A59+0.01 -> 11.03 | B60: instalación panel solar monocristalino, 430 Wp, 24 V. Con normatividad vigente (RETIE). | C60: un | D60: 20 | F60: =ROUND(D60*E60,0) -> 0
A61: =A60+0.01 -> 11.04 | B61: instalación de batería libre de mantenimiento en litio, 12 V, 200 Ah, 20 horas y todos los accesorios para su correcto funcionamiento. Con normatividad vigente (RETIE). | C61: un | D61: 20 | F61: =ROUND(D61*E61,0) -> 0
A62: =A61+0.01 -> 11.05 | B62: instalación cableado, coraza hermética, tubería EMTo PVC SCH40 según se requiera en sitio, los diámetros según se requiera, incluye conectores, uniones, cajas de paso plásticas y todos los accesorios de montaje para su correcto funcionamiento. | C62: gl | D62: 1 | F62: =ROUND(D62*E62,0) -> 0
A63: =A62+0.01 -> 11.06 | B63: instalación de breakers, incluye marquillas de identificación y todos los accesorios de montaje. Suministro e instalación descargador de sobretensiones | C63: gl | D63: 1 | F63: =ROUND(D63*E63,0) -> 0
A64: =A63+0.01 -> 11.07 | B64: instalación de sistema de puesta a tierra con una varilla Cu - Cu 5/8"x8', incluye cableado Cu N. 10 AWG, conector en cobre, tubería PVC y conexión. O suministro e instalación de sistema de puesta a tierra con sistema de Hidrosolta. Se debe verificar en sitio cual es sistema que se pueda implementar. Con normatividad vigente (RETIE). | C64: gl | D64: 1 | F64: =ROUND(D64*E64,0) -> 0
A65: =A64+0.01 -> 11.08 | B65: instalación de pararrayos tipo franklin, Incluye pararrayos, cable, soportes y todos los accesorios de montaje. Con normatividad vigente (RETIE). | C65: gl | D65: 1 | F65: =ROUND(D65*E65,0) -> 0
A66: =A65+0.01 -> 11.09 | B66: instalación de gabinete tipo intemperie para proteger el Inversor 3500 W / 24 V + controlador MPPT incluido <150A, relación DC/AC mínimo 120%, incluye todos los accesorios de montaje para su correcto funcionamiento.. | C66: gl | D66: 1 | F66: =ROUND(D66*E66,0) -> 0
A67: =A66+0.01 -> 11.1 | B67: instalación de rack para proteger banco de batería libre de mantenimiento en gel, 12 V, 250 Ah, incluye todos los accesorios de montaje para su correcto funcionamiento. | C67: gl | D67: 1 | F67: =ROUND(D67*E67,0) -> 0
A68: 12 | B68: SISTEMA FOTOVOLTAICO RADIOCOMUNICACIONES | F68: =SUM(F69:F77) -> 0 | H68: 0.5
A69: =A68+0.01 -> 12.01 | B69: instalación de controlador 20A, incluye todos los accesorios de montaje para su correcto funcionamiento. Con normatividad vigente (RETIE). | C69: un | D69: 1 | F69: =ROUND(D69*E69,0) -> 0
A70: =A69+0.01 -> 12.02 | B70: Suministro e instalación estructura tipo techo en aluminio anodizado para 2 paneles de 430 Wp, incluye todos los accesorios de montaje para su correcto funcionamiento. | C70: gl | D70: 1 | F70: =ROUND(D70*E70,0) -> 0
A71: =A70+0.01 -> 12.03 | B71: instalación panel solar monocristalino, 430 Wp, 24 V. Con normatividad vigente (RETIE). | C71: un | D71: 2 | F71: =ROUND(D71*E71,0) -> 0
A72: =A71+0.01 -> 12.04 | B72: instalación de batería libre de mantenimiento en litio, 12 V, 200 Ah, 20 horas y todos los accesorios para su correcto funcionamiento. Con normatividad vigente (RETIE). | C72: un | D72: 2 | F72: =ROUND(D72*E72,0) -> 0
A73: =A72+0.01 -> 12.05 | B73: instalación cableado, coraza hermética, tubería EMTo PVC SCH40 según se requiera en sitio, los diámetros según se requiera, incluye conectores, uniones, cajas de paso plásticas y todos los accesorios de montaje para su correcto funcionamiento. | C73: gl | D73: 1 | F73: =ROUND(D73*E73,0) -> 0
A74: =A73+0.01 -> 12.06 | B74: instalación de breakers, incluye marquillas de identificación y todos los accesorios de montaje. Suministro e instalación descargador de sobretensiones | C74: gl | D74: 1 | F74: =ROUND(D74*E74,0) -> 0
A75: =A74+0.01 -> 12.07 | B75: instalación de sistema de puesta a tierra con una varilla Cu - Cu 5/8"x8', incluye cableado Cu N. 10 AWG, conector en cobre, tubería PVC y conexión. O suministro e instalación de sistema de puesta a tierra con sistema de Hidrosolta. Se debe verificar en sitio cual es sistema que se pueda implementar. Con normatividad vigente (RETIE). | C75: gl | D75: 1 | F75: =ROUND(D75*E75,0) -> 0
A76: =A75+0.01 -> 12.08 | B76: instalación de pararrayos tipo franklin, Incluye pararrayos, cable, soportes y todos los accesorios de montaje. Con normatividad vigente (RETIE). | C76: gl | D76: 1 | F76: =ROUND(D76*E76,0) -> 0
A77: =A76+0.01 -> 12.09 | B77: instalación de rack para proteger banco de batería libre de mantenimiento en gel, 12 V, 200 Ah, incluye todos los accesorios de montaje para su correcto funcionamiento. | C77: gl | D77: 1 | F77: =ROUND(D77*E77,0) -> 0
A78: 12 | B78: ASEO | F78: =SUM(F79:F79) -> 0
A79: =A78+0.01 -> 12.01 | B79: Limpieza general | C79: gl | D79: 1 | F79: =ROUND(D79*E79,0) -> 0
A80: Cabaña del jefe de área - 24990 | F80: =+F81+F86+F88+F92+F94+F96+F100+F104+F107+F110+F115+F126 -> 0
A81: 1 | B81: PRELIMINARES | F81: =SUM(F82:F85) -> 0
A82: =A81+0.01 -> 1.01 | B82: Desmonte de cielo raso existente | C82: m² | D82: 64 | F82: =ROUND(D82*E82,0) -> 0 | H82: =5*D82/1000 -> 0.32
A83: =A82+0.01 -> 1.02 | B83: Desmonte de puertas | C83: un | D83: 2 | F83: =ROUND(D83*E83,0) -> 0
A84: =A83+0.01 -> 1.03 | B84: Desmonte de muro liviano | C84: m² | D84: 10.88 | F84: =ROUND(D84*E84,0) -> 0
A85: =A84+0.01 -> 1.04 | B85: Demolición enchape piso y paredes. Incluye mortero de pega existente. | C85: m² | D85: 20.5 | F85: =ROUND(D85*E85,0) -> 0
A86: 2 | B86: ESTRUCTURA METALICA | F86: =SUM(F87:F87) -> 0
A87: =A86+0.01 -> 2.01 | B87: Mantenimiento cerchas y viga de soporte para la cubierta. incluye lijado de las áreas, reposición de partes o secciones que se encuentren deterioradas, anticorrosivo, pintura y demás accesorios que garanticen un correcto funcionamiento. | C87: ml | D87: 137.88 | F87: =ROUND(D87*E87,0) -> 0
A88: 3 | B88: CARPINTERIA EN MADERA | F88: =SUM(F89:F91) -> 0
A89: =A88+0.01 -> 3.01 | B89: Suministro e instalación de ventanas en madera pino patula inmunizado bajo el sistema vacío presión con sales CCA 9,6 K/m2 (tipo Osmose, bajo estándares de calidad que permitan dar garantía contra hongos, insectos perforadores y pudrición por 20 años) incluye vidrio de 4mm | C89: m² | D89: 17.06 | F89: =ROUND(D89*E89,0) -> 0 | H89: =4*D89/1000 -> 0.06824
A90: =A89+0.01 -> 3.02 | B90: Suministro e instalación de marco y puerta de madera inmunizada 1.00x2.35 m incluye chapas cedro tabla tríplex | C90: un | D90: 10 | F90: =ROUND(D90*E90,0) -> 0 | H90: =6*D90/1000 -> 0.06
A91: =A90+0.01 -> 3.03 | B91: Suministro e instalación de anjeos en fibra de vidrio | C91: m² | D91: 26.2 | F91: =ROUND(D91*E91,0) -> 0 | H91: =0.5*D91/1000 -> 0.0131
A92: 4 | B92: CIELO RASO | F92: =SUM(F93:F93) -> 0
A93: =A92+0.01 -> 4.01 | B93: Cambio de cielo raso en Drywall por PVC, color mate (el detalle del acabado se hace de acuerdo a las indicaciones de Area Protegida). incluye limpieza del área, reposición y montaje de estructura de soporte en acero galvanizado, instalación del cielo raso en PVC en instalación de corinzas para acabados laterales y remates con muros | C93: m² | D93: 89.1 | F93: =ROUND(D93*E93,0) -> 0 | H93: =((24.72)/(2.44*1.22))*D93/1000 -> 0.73990594
A94: 5 | B94: MUROS | F94: =SUM(F95:F95) -> 0
A95: 5.01 | B95: Muro en lámina de fibrocemento de dos cara de espesor 12 mm, incluye cinta PVC, masilla, accesorios de instalación, estuco plástico Estucor Acrílico (interior o exterior) o similar | C95: m² | D95: =85+32 -> 117 | F95: =ROUND(D95*E95,0) -> 0 | H95: =((24.72*2)/(2.44*1.22))*D95/1000*2 -> 3.8863746
A96: 6 | B96: CUBIERTA | F96: =SUM(F97:F99) -> 0
A97: =A96+0.01 -> 6.01 | B97: instalación de teja termoacústica tipo Sandwich con relleno de 30 mm de poliuretano (PUR), color azul el AP. Incluye accesorios (cumbrera, limatesa, limahoya, etc.). La entrega de material incluye accesorios de instalación y sellante. | C97: m² | D97: 107.93 | F97: =ROUND(D97*E97,0) -> 0 | H97: =8*D97/1000 -> 0.86344
A98: =A97+0.01 -> 6.02 | B98: Canal en acero galvanizado cal 18. | C98: ml | D98: 25.1 | F98: =ROUND(D98*E98,0) -> 0 | H98: =2*D98/1000 -> 0.0502
A99: =A98+0.01 -> 6.03 | B99: Bajante acero galvanizado cal 18. | C99: ml | D99: 14 | F99: =ROUND(D99*E99,0) -> 0 | H99: =2*D99/1000 -> 0.028
A100: 7 | B100: ENCHAPES PISOS Y MUROS | F100: =SUM(F101:F103) -> 0
A101: =A100+0.01 -> 7.01 | B101: Suministro e instalación de Mortero de piso, e=0,05m 14,0 Mpa | C101: m² | D101: 4.24 | F101: =ROUND(D101*E101,0) -> 0 | H101: =4*D101/1000 -> 0.01696
A102: =A101+0.01 -> 7.02 | B102: Suministro e instalación de pisos en cerámica para baños 30.5 cm X 30.5 cm, calidad primera | C102: m² | D102: 4.24 | F102: =ROUND(D102*E102,0) -> 0 | H102: =20/1.5*D102/1000 -> 0.056533333
A103: =A102+0.01 -> 7.03 | B103: Suministro e instalación de Enchapes para muros en cerámica para baños 60 cm X 30 cm, | C103: m² | D103: 20.4 | F103: =ROUND(D103*E103,0) -> 0 | H103: =20/1.5*D103/1000 -> 0.272
A104: 8 | B104: PINTURA INTERIOR Y EXTERIOR | F104: =SUM(F105:F106) -> 0
...

Sheet APU
B2: APU1,01 | C2: ITEM: | D2: Demolición escalera en concreto | G2: UNIDAD: | H2: GL | I2: =+ROUND(I24,0) -> 517415
B3: I. EQUIPO
B4: DESCRIPCION | E4: UNID | F4: Tarifa/Hora | G4: Rendimiento | H4: Valor Unitario
B5: herramienta menor cuadrilla aa - albañeria | E5: hr | F5: 1500 | G5: 8 | H5: =F5*G5 -> 12000
B6: martillo demoledor 90 libras | E6: hr | F6: 10350 | G6: 8 | H6: =F6*G6 -> 82800
H8: SUB-TOTAL | I8: =SUM(H5:H7) -> 94800
B9: II. MATERIALES
B10: DESCRIPCION | E10: UNID | F10: Precio Unitario | G10: Cantidad | H10: Valor Unitario
H15: SUB-TOTAL | I15: =SUM(H11:H14) -> 0
B16: III. TRANSPORTE | E16: UNID | F16: CANT | G16: VR. PARCIAL | H16: Valor Unitario
H19: SUB-TOTAL | I19: =SUM(H18) -> 0
B20: IV. MANO DE OBRA
B21: TRABAJADOR | E21: Jornal | F21: Prestaciones | G21: Redimiento | H21: Valor Unitario
B22: cuadrilla a (1of+2ay) albañilería | E22: 168000 | F22: 1.8 | G22: 0.71554488 | H22: =E22*F22/G22 -> 422615
H23: SUB-TOTAL | I23: =H22 -> 422615
H24: TOTAL COSTO DIRECTO | I24: =I23+I15+I8+I19 -> 517415
B26: APU1,02 | C26: ITEM: | D26: Desmonte de cielo raso existente | G26: UNIDAD: | H26: M2 | I26: =+ROUND(I48,0) -> 14301
B27: I. EQUIPO
B28: DESCRIPCION | E28: UNID | F28: Tarifa/Hora | G28: Rendimiento | H28: Valor Unitario
B29: herramienta menor cuadrilla aa - albañeria | E29: hr | F29: 1500 | G29: 8 | H29: =F29*G29 -> 12000
H32: SUB-TOTAL | I32: =SUM(H29:H31) -> 12000
B33: II. MATERIALES
B34: DESCRIPCION | E34: UNID | F34: Precio Unitario | G34: Cantidad | H34: Valor Unitario
H39: SUB-TOTAL | I39: =SUM(H35:H38) -> 0
B40: III. TRANSPORTE | E40: UNID | F40: CANT | G40: VR. PARCIAL | H40: Valor Unitario
H43: SUB-TOTAL | I43: =SUM(H42) -> 0
B44: IV. MANO DE OBRA
B45: TRABAJADOR | E45: Jornal | F45: Prestaciones | G45: Redimiento | H45: Valor Unitario
B46: cuadrilla a (1of+2ay) albañilería | E46: 168000 | F46: 1.8 | G46: 131.42112 | H46: =E46*F46/G46 -> 2301
H47: SUB-TOTAL | I47: =H46 -> 2301
H48: TOTAL COSTO DIRECTO | I48: =I47+I39+I32+I43 -> 14301
B50: APU2,01 | C50: ITEM: | D50: Mantenimiento cercha de soporte para la pasarela del segundo piso (anticorrosivo + pintura) h=0.15 m | G50: UNIDAD: | H50: ML | I50: =+ROUND(I72,0) -> 13492
B51: I. EQUIPO
B52: DESCRIPCION | E52: UNID | F52: Tarifa/Hora | G52: Rendimiento | H52: Valor Unitario
B53: herramienta menor cuadrilla aa - albañeria | E53: hr | F53: 1500 | G53: 4 | H53: =F53*G53 -> 6000
H56: SUB-TOTAL | I56: =SUM(H53:H55) -> 6000
B57: II. MATERIALES
B58: DESCRIPCION | E58: UNID | F58: Precio Unitario | G58: Cantidad | H58: Valor Unitario
B59: anticorrosivo | E59: kg | F59: 250 | G59: 1.1 | H59: =F59*G59 -> 275
B60: esmalte | E60: lt | F60: 46800 | G60: 0.0084 | H60: =F60*G60 -> 393.12
B61: Lija | E61: und | F61: 2500 | G61: 0.5 | H61: =F61*G61 -> 1250
H63: SUB-TOTAL | I63: =SUM(H59:H62) -> 1918.12
B64: III. TRANSPORTE | E64: UNID | F64: CANT | G64: VR. PARCIAL | H64: Valor Unitario
H67: SUB-TOTAL | I67: =SUM(H66) -> 0
B68: IV. MANO DE OBRA
B69: TRABAJADOR | E69: Jornal | F69: Prestaciones | G69: Redimiento | H69: Valor Unitario
B70: cuadrilla a (1of+2ay) albañilería | E70: 168000 | F70: 1.8 | G70: 54.253052 | H70: =E70*F70/G70 -> 5573.88
H71: SUB-TOTAL | I71: =H70 -> 5573.88
H72: TOTAL COSTO DIRECTO | I72: =I71+I63+I56+I67 -> 13492
B74: APU2,02 | C74: ITEM: | D74: Suministro e instalación de platinas de 0.40 x 0.30 para la cercha de soporte cubierta | G74: UNIDAD: | H74: un | I74: =+ROUND(I96,0) -> 22300
B75: I. EQUIPO
B76: DESCRIPCION | E76: UNID | F76: Tarifa/Hora | G76: Rendimiento | H76: Valor Unitario
B77: herramienta menor cuadrilla aa - albañeria | E77: hr | F77: 1500 | G77: 4 | H77: =F77*G77 -> 6000
H80: SUB-TOTAL | I80: =SUM(H77:H79) -> 6000
B81: II. MATERIALES
B82: DESCRIPCION | E82: UNID | F82: Precio Unitario | G82: Cantidad | H82: Valor Unitario
B83: Platinas 0.40x0.30 | E83: unidad | F83: 16000 | G83: 0.6703825 | H83: =F83*G83 -> 10726.12
H87: SUB-TOTAL | I87: =SUM(H83:H86) -> 10726.12
B88: III. TRANSPORTE | E88: UNID | F88: CANT | G88: VR. PARCIAL | H88: Valor Unitario
H91: SUB-TOTAL | I91: =SUM(H90) -> 0
B92: IV. MANO DE OBRA
B93: TRABAJADOR | E93: Jornal | F93: Prestaciones | G93: Redimiento | H93: Valor Unitario
B94: cuadrilla a (1of+2ay) albañilería | E94: 168000 | F94: 1.8 | G94: 54.253052 | H94: =E94*F94/G94 -> 5573.88
H95: SUB-TOTAL | I95: =H94 -> 5573.88
H96: TOTAL COSTO DIRECTO | I96: =I95+I87+I80+I91 -> 22300 | J96: 22300
B98: APU2,03 | C98: ITEM: | D98: Suministro e instalación de platinas de 0.145 x 0.30 para la cercha de soporte cubierta (tipo 1) | G98: UNIDAD: | H98: un | I98: =+ROUND(I120,0) -> 17300
B99: I. EQUIPO
B100: DESCRIPCION | E100: UNID | F100: Tarifa/Hora | G100: Rendimiento | H100: Valor Unitario
B101: herramienta menor cuadrilla aa - albañeria | E101: hr | F101: 1500 | G101: 4 | H101: =F101*G101 -> 6000
H104: SUB-TOTAL | I104: =SUM(H101:H103) -> 6000
B105: II. MATERIALES
B106: DESCRIPCION | E106: UNID | F106: Precio Unitario | G106: Cantidad | H106: Valor Unitario
B107: Platinas 0.145x0.30 | E107: unidad | F107: 16000 | G107: 0.3578825 | H107: =F107*G107 -> 5726.12
H111: SUB-TOTAL | I111: =SUM(H107:H110) -> 5726.12
B112: III. TRANSPORTE | E112: UNID | F112: CANT | G112: VR. PARCIAL | H112: Valor Unitario
H115: SUB-TOTAL | I115: =SUM(H114) -> 0
B116: IV. MANO DE OBRA
B117: TRABAJADOR | E117: Jornal | F117: Prestaciones | G117: Redimiento | H117: Valor Unitario
B118: cuadrilla a (1of+2ay) albañilería | E118: 168000 | F118: 1.8 | G118: 54.253052 | H118: =E118*F118/G118 -> 5573.88
H119: SUB-TOTAL | I119: =H118 -> 5573.88
H120: TOTAL COSTO DIRECTO | I120: =I119+I111+I104+I115 -> 17300
B122: APU2,04 | C122: ITEM: | D122: Suministro e instalación de platinas para la cercha de soporte cubierta (tipo 2) | G122: UNIDAD: | H122: un | I122: =+ROUND(I144,0) -> 17300
B123: I. EQUIPO
B124: DESCRIPCION | E124: UNID | F124: Tarifa/Hora | G124: Rendimiento | H124: Valor Unitario
B125: herramienta menor cuadrilla aa - albañeria | E125: hr | F125: 1500 | G125: 4 | H125: =F125*G125 -> 6000
H128: SUB-TOTAL | I128: =SUM(H125:H127) -> 6000
B129: II. MATERIALES
B130: DESCRIPCION | E130: UNID | F130: Precio Unitario | G130: Cantidad | H130: Valor Unitario
B131: Platina para cumbre | E131: unidad | F131: 16000 | G131: 0.3578825 | H131: =F131*G131 -> 5726.12
H135: SUB-TOTAL | I135: =SUM(H131:H134) -> 5726.12
B136: III. TRANSPORTE | E136: UNID | F136: CANT | G136: VR. PARCIAL | H136: Valor Unitario
H139: SUB-TOTAL | I139: =SUM(H138) -> 0
B140: IV. MANO DE OBRA
B141: TRABAJADOR | E141: Jornal | F141: Prestaciones | G141: Redimiento | H141: Valor Unitario
B142: cuadrilla a (1of+2ay) albañilería | E142: 168000 | F142: 1.8 | G142: 54.253052 | H142: =E142*F142/G142 -> 5573.88
H143: SUB-TOTAL | I143: =H142 -> 5573.88
H144: TOTAL COSTO DIRECTO | I144: =I143+I135+I128+I139 -> 17300
B146: APU2,05 | C146: ITEM: | D146: Suministro e instalación de platinas para cercha ( cumbrera de la cubierta) | G146: UNIDAD: | H146: un | I146: =+ROUND(I168,0) -> 22300
B147: I. EQUIPO
B148: DESCRIPCION | E148: UNID | F148: Tarifa/Hora | G148: Rendimiento | H148: Valor Unitario
...

Sheet INSUMOS
A1: PRELIMINARES | C1: Precio
A2: Localización y replanteo | B2: m2 | C2: 2842 | G2: Construdata
A3: Suministro e instalación de cerramiento preliminar en polisombra o tela verde para cerramiento, h= 2 m y varas de corredor c/2.5 m incluye concreto f'c=2500 psi (14.1 MPa) para traque de varas | B3: ml | C3: 7607 | G3: Construdata
A4: Excavación manual para pedestales de cimentación. | B4: m3 | C4: 152468 | G4: Construdata
A5: Demolición de muros en mampostería, escalera en concreto y lavadero. Incluye disposición final. | B5: m² | C5: 53288 | G5: Construdata
A6: Demolición de pañetes existentes hasta 3cm de espesor. | B6: m² | C6: 10059 | G6: IDRD
A7: Demolición de placa en concreto, e: 12cm para zapatas y vigas de cimentación. | B7: m³ | C7: 53288 | G7: Construdata
A8: Escarificación de muros existentes. | B8: m² | C8: 6510 | G8: IDRD
A9: Excavación manual para zapatas y vigas de cimentación. | B9: m³ | C9: 152468 | G9: Construdata
A10: Demolición de muros en mampostería. | B10: m2 | C10: 5993 | G10: Construdata
A11: Desmonte de ventanería existente. Incluye disposición final. | B11: un | C11: 7468 | G11: Construdata
A12: Desmonte de aparatos (sanitarios, lavamanos, orinales). | B12: un | C12: 4979 | G12: Construdata
A13: Desmonte de puertas. | B13: un | C13: 7468 | G13: Construdata
A14: Desmonte punto hidrosanitario. Incluye sellado. | B14: un | C14: 4979 | G14: Construdata
A15: Desmonte de red eléctrica existente (puntos, tubería, iluminación). Incluye disposición final. | B15: gl | C15: =+(5*5000+50*7000) -> 375000 | G15: findeter | H15: 5 puntos | I15: 50 ml
A16: Desmonte de teja de asbestocemento. Incluye embalaje de acuerdo a protocolo técnico de disposición. | B16: m2 | C16: 7468 | G16: PNN
A17: CIMENTACIÓN Y ESTRUCTURA | C17: 1
A18: Suministro e instalación de concreto ciclópeo, 40% rajón o piedra bola, 60% concreto f'c=17.5 Mpa, con dimensiones de 0,40m x 0,40m x 0,25m. | B18: m³ | C18: 427019 | G18: Construdata
A19: Suministro e instalación de cimentación conformada por pedestales con dimensiones de 0,40m x 0,40m x 0,25m, concreto f'c=3000 psi (21.1 MPa), tamaño máximo del agregado 12.5 mm, manejabilidad blanda, preparado en obra, con aditivo hidrófugo y fundido con medios manuales, acero fy=60 ksi (420 MPa), con una cuantía aproximada de 150 kg/m³. Incluye armaduras de espera de pedestales, alambre de atar, separadores, figurado del acero (corte y doblez), armado en el lugar definitivo de su colocación en obra y encofrado. | B19: m³ | C19: =ROUND(522136*(1/(1.2*1.2*0.45)),0) -> 805765 | G19: Construdata
A20: Suministro e instalación de columnas sección 10x10 cm en madera inmunizada bajo el sistema vacío presión, con sales CCA 9.6 kg/m3 tipo Osmose, bajo estándares de calidad que permitan dar garantía contra hongos, insectos perforadores y pudrición por 20 años. Incluye tornillería y accesorios de instalación en acero al carbono con recubrimiento multicapa 20 μm con tratamiento superficial a base de resina epóxica y hojuelas de aluminio tipo Rothoblaas o similar para exteriores con fy=1000 MPa. | B20: ml | C20: =ROUND(41068*1.1+$N$20,0) -> 66492 | G20: SERYE | H20: =61602/3 -> 20534 | I20: 9x9 | J20: =+H20*2 -> 41068 | K20: valor de instalación y trasnporte es dos veces | N20: 21317
A21: Suministro e instalación de viga 10x8 cm en madera inmunizada bajo el sistema vacío presión, con sales CCA 9.6 kg/m3 tipo Osmose, bajo estándares de calidad que permitan dar garantía contra hongos, insectos perforadores y pudrición por 20 años. Incluye tornillería y accesorios de instalación en acero al carbono con recubrimiento multicapa 20 μm con tratamiento superficial a base de resina epóxica y hojuelas de aluminio tipo Rothoblaas o similar para exteriores con fy=1000 MPa. | B21: ml | C21: =33366+$N$20 -> 54683 | G21: SERYE | H21: =83414/5 -> 16682.8 | I21: diámetro 10cm | J21: =+H21*2 -> 33365.6
A22: Suministro e instalación de viga 10x4 cm en madera inmunizada bajo el sistema vacío presión, con sales CCA 9.6 kg/m3 tipo Osmose, bajo estándares de calidad que permitan dar garantía contra hongos, insectos perforadores y pudrición por 20 años. Incluye tornillería y accesorios de instalación en acero al carbono con recubrimiento multicapa 20 μm con tratamiento superficial a base de resina epóxica y hojuelas de aluminio tipo Rothoblaas o similar para exteriores con fy=1000 MPa. | B22: ml | C22: =20985+$N$20 -> 42302 | G22: SERYE | H22: =31477/3 -> 10492.333 | I22: 9x4 | J22: =+H22*2 -> 20984.667
A23: Suministro e instalación de viguetas 10x4 cm en madera inmunizada bajo el sistema vacío presión, con sales CCA 9.6 kg/m3 tipo Osmose, bajo estándares de calidad que permitan dar garantía contra hongos, insectos perforadores y pudrición por 20 años. Incluye tornillería y accesorios de instalación en acero al carbono con recubrimiento multicapa 20 μm con tratamiento superficial a base de resina epóxica y hojuelas de aluminio tipo Rothoblaas o similar para exteriores con fy=1000 MPa. | B23: ml | C23: =20985+$N$20 -> 42302 | G23: SERYE | H23: =31477/3 -> 10492.333 | I23: 9x4 | J23: =+H23*2 -> 20984.667
A24: Suministro e instalación de tablilla de piso sección 1,7x10 cm en madera inmunizada bajo el sistema vacío presión, con sales CCA 9.6 kg/m3 tipo Osmose, bajo estándares de calidad que permitan dar garantía contra hongos, insectos perforadores y pudrición por 20 años. | B24: m² | C24: 95304 | G24: SERYE | H24: 47652 | I24: 1.8 x 8 m2 | J24: =+H24*2 -> 95304
A25: Suministro e instalación de tablilla de muro sección 2x10 cm en madera inmunizada bajo el sistema vacío presión, con sales CCA 9.6 kg/m3 tipo Osmose, bajo estándares de calidad que permitan dar garantía contra hongos, insectos perforadores y pudrición por 20 años. Incluye tornillería y accesorios de instalación en acero al carbono con recubrimiento multicapa 20 μm con tratamiento superficial a base de resina epóxica y hojuelas de aluminio tipo Rothoblaas o similar para exteriores con fy=1000 MPa. | B25: m² | C25: 94620 | G25: SERYE | H25: 47310 | I25: 1.6 x 8 m2 | J25: =+H25*2 -> 94620
A26: Suministro e instalación de viga 8X8 cm en madera inmunizada bajo el sistema vacío presión, con sales CCA 9.6 kg/m3 tipo Osmose, bajo estándares de calidad que permitan dar garantía contra hongos, insectos perforadores y pudrición por 20 años. Incluye tornillería y accesorios de instalación en acero al carbono con recubrimiento multicapa 20 μm con tratamiento superficial a base de resina epóxica y hojuelas de aluminio tipo Rothoblaas o similar para exteriores con fy=1000 MPa. | B26: ml | C26: =41068++$N$20 -> 62385 | G26: SERYE | H26: =61602/3 -> 20534 | I26: 9x9 | J26: =+H26*2 -> 41068
A27: Suministro e instalación de correa sección 8x8 cm en madera inmunizada bajo el sistema vacío presión, con sales CCA 9.6 kg/m3 tipo Osmose, bajo estándares de calidad que permitan dar garantía contra hongos, insectos perforadores y pudrición por 20 años. Incluye tornillería y accesorios de instalación en acero al carbono con recubrimiento multicapa 20 μm con tratamiento superficial a base de resina epóxica y hojuelas de aluminio tipo Rothoblaas o similar para exteriores con fy=1000 MPa. | B27: ml | C27: =41068+$N$20 -> 62385 | G27: SERYE | H27: =61602/3 -> 20534 | I27: 9x9 | J27: =+H27*2 -> 41068
A28: Suministro e instalación de tornillo VGZEVO7180 tipo Rothoblaas o similar, de acero al carbono con recubrimiento C4 COATING multicapa 20 μm y tratamiento superficial a base de resina epóxica y hojuelas de aluminio para exteriores (fy=1000 mpa) | B28: un | C28: 1
A29: Suministro e instalación de tornillo KKT550A4 (2 unidades por unión tablilla-viguetas) tipo Rothoblaas o similar, de acero inoxidable AISI316 A4 | B29: un | C29: 1
A30: Accesorios de acero inoxidable AISI 316-A4 de diámetro 1/2" (barras roscadas ASTM A193 Gr B8M Clase 2, tuercas ASTM A194 Gr 8M, arandelas SS316, resistencia nominal a la fluencia del acero inoxidable, fy=220.0 MPa). [PLATINAS, BARRAS ROSCADAS, REFUERZOS ETC. | B30: kg | C30: 1
A31: Suministro e instalación de vigas con dimensiones 0,20m x 0,20m, concreto f'c=3000 psi (21.1 MPa), tamaño máximo del agregado 12.5 mm, manejabilidad blanda, preparado en obra, con aditivo hidrófugo y fundido con medios manuales, acero fy=60 ksi (420 MPa), con una cuantía aproximada de 150 kg/m³. Incluye alambre de atar, separadores, figurado del acero (corte y doblez), armado en el lugar definitivo de su colocación en obra y encofrado. | B31: m³ | C31: =ROUND(216371*(1/(1*0.3*0.4)),0) -> 1803092 | G31: Construdata
A32: Suministro e instalación de columnas sección 12x12 cm en madera inmunizada bajo el sistema vacío presión, con sales CCA 9.6 kg/m3 tipo Osmose, bajo estándares de calidad que permitan dar garantía contra hongos, insectos perforadores y pudrición por 20 años. Incluye tornillería y accesorios de instalación en acero al carbono con recubrimiento multicapa 20 μm con tratamiento superficial a base de resina epóxica y hojuelas de aluminio tipo Rothoblaas o similar para exteriores con fy=1000 MPa. | B32: ml | C32: =65546++$N$20 -> 86863 | G32: SERYE | H32: =163864/5 -> 32772.8 | I32: diametro 14.5 | J32: =+H32*2 -> 65545.6
A33: Suministro e instalación de viga 19x4 cm en madera inmunizada bajo el sistema vacío presión, con sales CCA 9.6 kg/m3 tipo Osmose, bajo estándares de calidad que permitan dar garantía contra hongos, insectos perforadores y pudrición por 20 años. Incluye tornillería y accesorios de instalación en acero al carbono con recubrimiento multicapa 20 μm con tratamiento superficial a base de resina epóxica y hojuelas de aluminio tipo Rothoblaas o similar para exteriores con fy=1000 MPa. | B33: ml | C33: =44801+$N$20 -> 66118 | G33: SERYE | H33: =33601/3*2 -> 22400.667 | I33: 2 piezas de 9x4 | J33: =+H33*2 -> 44801.333
A34: Suministro e instalación de viga 19x12 cm en madera inmunizada bajo el sistema vacío presión, con sales CCA 9.6 kg/m3 tipo Osmose, bajo estándares de calidad que permitan dar garantía contra hongos, insectos perforadores y pudrición por 20 años. Incluye tornillería y accesorios de instalación en acero al carbono con recubrimiento multicapa 20 μm con tratamiento superficial a base de resina epóxica y hojuelas de aluminio tipo Rothoblaas o similar para exteriores con fy=1000 MPa. | B34: ml | C34: =134404+$N$20 -> 155721 | G34: SERYE | H34: =+J33 -> 44801.333 | I34: 3 piezas de 19x4 | J34: =+H34*3 -> 134404
A35: Suministro e instalación de viga 19x8 cm en madera inmunizada bajo el sistema vacío presión, con sales CCA 9.6 kg/m3 tipo Osmose, bajo estándares de calidad que permitan dar garantía contra hongos, insectos perforadores y pudrición por 20 años. Incluye tornillería y accesorios de instalación en acero al carbono con recubrimiento multicapa 20 μm con tratamiento superficial a base de resina epóxica y hojuelas de aluminio tipo Rothoblaas o similar para exteriores con fy=1000 MPa. | B35: ml | C35: =82136+$N$20 -> 103453 | G35: SERYE | H35: =61602/3*2 -> 41068 | I35: 2 piezas 9x9 | J35: =+H35*2 -> 82136
A36: Suministro e instalación de viga 14x8 cm en madera inmunizada bajo el sistema vacío presión, con sales CCA 9.6 kg/m3 tipo Osmose, bajo estándares de calidad que permitan dar garantía contra hongos, insectos perforadores y pudrición por 20 años. Incluye tornillería y accesorios de instalación en acero al carbono con recubrimiento multicapa 20 μm con tratamiento superficial a base de resina epóxica y hojuelas de aluminio tipo Rothoblaas o similar para exteriores con fy=1000 MPa. | B36: ml | C36: =63731+$N$20 -> 85048 | G36: SERYE | H36: =95597/3 -> 31865.667 | I36: 14x9 | J36: =+H36*2 -> 63731.333
A37: Suministro e instalación de viga sección 8x8 cm en madera inmunizada bajo el sistema vacío presión, con sales CCA 9.6 kg/m3 tipo Osmose, bajo estándares de calidad que permitan dar garantía contra hongos, insectos perforadores y pudrición por 20 años. | B37: ml | C37: =41068+$N$20 -> 62385 | E37: 45789 | G37: SERYE | H37: =61602/3 -> 20534 | I37: 9x9 | J37: =+H37*2 -> 41068
A38: Suministro e instalación de concreto ciclópeo, 40% rajón o piedra bola, 60% concreto f'c=17.5 Mpa, con dimensiones de 0,60m x 0,60m x 0,25m. | B38: m³ | C38: 427019 | G38: Construdata
A39: Suministro e instalación de cimentación conformada por zapatas con dimensiones 0,60m x 0,60m x 0,30 m y pedestales con dimensiones 0,45m x 0,45m x 0,25m, concreto f'c=3000 psi (21.1 MPa), tamaño máximo del agregado 12.5 mm, manejabilidad blanda, preparado en obra, con aditivo hidrófugo y fundido con medios manuales, acero fy=60 ksi (420 MPa), con una cuantía aproximada de 150 kg/m³. Incluye armaduras de espera de pedestales, alambre de atar, separadores, figurado del acero (corte y doblez), armado en el lugar definitivo de su colocación en obra y encofrado. | B39: m³ | C39: =ROUND(522136*(1/(1.2*1.2*0.45)),0) -> 805765 | G39: Construdata
A40: Suministro e instalación de vigas con dimensiones 0,25m x 0,25m, concreto f'c=3000 psi (21.1 MPa), tamaño máximo del agregado 12.5 mm, manejabilidad blanda, preparado en obra, con aditivo hidrófugo y fundido con medios manuales, acero fy=60 ksi (420 MPa), con una cuantía aproximada de 150 kg/m³. Incluye alambre de atar, separadores, figurado del acero (corte y doblez), armado en el lugar definitivo de su colocación en obra y encofrado. | B40: m³ | C40: =ROUND(216371*(1/(1*0.3*0.4)),0) -> 1803092 | G40: Construdata
A41: Fundida de placa en concreto f'c=3000psi y malla electrosoldada de 5,5mm en ambos sentidos cada 15cm. Espesor de placa 10cm. | B41: m² | C41: 115903 | G41: Construdata
A42: Fundida de placa en concreto pulido f'c=3000psi y malla electrosoldada de 5,5mm en ambos sentidos cada 15cm. Espesor de placa 10cm. | B42: m² | C42: =115903*1.2 -> 139083.6 | G42: Construdata
A43: Suministro e instalación Polietileno Negro densidad N°.6 Ancho de 8m. | B43: m² | C43: 9800
A44: Suministro e instalación de columnas sección 16x16 cm en madera inmunizada bajo el sistema vacío presión, con sales CCA 9.6 kg/m3 tipo Osmose, bajo estándares de calidad que permitan dar garantía contra hongos, insectos perforadores y pudrición por 20 años. Incluye tornillería y accesorios de instalación en acero al carbono con recubrimiento multicapa 20 μm con tratamiento superficial a base de resina epóxica y hojuelas de aluminio tipo Rothoblaas o similar para exteriores con fy=1000 MPa. | B44: ml | C44: =119882+$N$20 -> 141199 | G44: SERYE | H44: =59941/4*4 -> 59941 | I44: 4 piezas de diametro 9 | J44: =+H44*2 -> 119882
A45: Suministro e instalación de viga sección 19x8 cm en madera inmunizada bajo el sistema vacío presión, con sales CCA 9.6 kg/m3 tipo Osmose, bajo estándares de calidad que permitan dar garantía contra hongos, insectos perforadores y pudrición por 20 años. Incluye tornillería y accesorios de instalación en acero al carbono con recubrimiento multicapa 20 μm con tratamiento superficial a base de resina epóxica y hojuelas de aluminio tipo Rothoblaas o similar para exteriores con fy=1000 MPa. | B45: ml | C45: =82136+$N$20 -> 103453 | G45: SERYE | H45: =61602/3*2 -> 41068 | I45: 2 piezas 9x9 | J45: =+H45*2 -> 82136
A46: Suministro e instalación de cimentación conformada por zapatas con dimensiones 0,60m x 0,60m x 0,40 m y pedestales con dimensiones 0,3m x 0,3m x 0,3m, concreto f'c=3000 psi (21.1 MPa), tamaño máximo del agregado 12.5 mm, manejabilidad blanda, preparado en obra, con aditivo hidrófugo y fundido con medios manuales, acero fy=60 ksi (420 MPa), con una cuantía aproximada de 150 kg/m³. Incluye armaduras de espera de pedestales, alambre de atar, separadores, figurado del acero (corte y doblez), armado en el lugar definitivo de su colocación en obra y encofrado. | B46: m³ | C46: =ROUND(522136*(1/(1.2*1.2*0.45)),0) -> 805765 | G46: Construdata
A47: Suministro y aplicación de mortero de nivelación. | B47: m² | C47: 28744 | G47: Construdata
A48: Suministro e instalación de enchape cerámico institucional para piso en zonas húmedas (baterías sanitarias, vestier), incluye pegante para cerámica y boquilla . | B48: m² | C48: 53827 | G48: Construdata
A49: Suministro e instalación de guarda escoba cerámico institucional. | B49: ml | C49: 5353 | G49: Construdata
A50: Suministro e instalación de columnas, concreto f'c=3000 psi (21.1 MPa), tamaño máximo del agregado 12.5 mm, manejabilidad blanda, preparado en obra, con aditivo hidrófugo y fundido con medios manuales, acero fy=60 ksi (420 MPa), con una cuantía aproximada de 150 kg/m³. Incluye alambre de atar, separadores, figurado del acero (corte y doblez), armado en el lugar definitivo de su colocación en obra y encofrado. | B50: m³ | C50: =ROUND(218776*(1/(1*0.3*0.4)),0) -> 1823133 | G50: Construdata
A51: Suministro y construcción de muros en mampostería bloque No. 5. | B51: m² | C51: 45789 | G51: Construdata
A52: Suministro y aplicación de pañete liso 1:3 sobre muros. | B52: m² | C52: 25874 | G52: Construdata
A53: Suministro y aplicación de pañete liso 1:3 sobre muros.. | B53: ml | C53: =+ROUND(C52*0.7,0) -> 18112 | G53: 70% de pañete
A54: Suministro y aplicación de estuco sobre pañete. | B54: m² | C54: 10872 | G54: Construdata
A55: Suministro y aplicación de estuco sobre pañete.. | B55: ml | C55: =+ROUND(C54*0.7,0) -> 7610 | G55: 70% de estuco
A56: Suministro y aplicación de pintura acrílica viniltex baños y cocinas para muros (3 manos). | B56: m² | C56: 13812 | G56: generador de precios
A57: Suministro y aplicación de pintura acrílica viniltex baños y cocinas para muros (3 manos). | B57: ml | C57: =+ROUND(C56*0.7,0) -> 9668 | G57: 70% de pintura
A58: Suministro e instalación de enchape cerámico institucional para muros en zonas húmedas (ducha), incluye pegante para cerámica y boquilla. | B58: m² | C58: 53827 | G58: Construdata
A59: Suministro e instalación de viga 4x13 cm en madera inmunizada bajo el sistema vacío presión, con sales CCA 9.6 kg/m3 tipo Osmose, bajo estándares de calidad que permitan dar garantía contra hongos, insectos perforadores y pudrición por 20 años. Incluye tornillería y accesorios de instalación en acero al carbono con recubrimiento multicapa 20 μm con tratamiento superficial a base de resina epóxica y hojuelas de aluminio tipo Rothoblaas o similar para exteriores con fy=1000 MPa. | B59: ml | C59: =31781+$N$20 -> 53098 | G59: SERYE | H59: =47672/3 -> 15890.667 | I59: 4x14 | J59: =+H59*2 -> 31781.333
A60: Suministro e instalación de concreto ciclópeo, 40% rajón o piedra bola, 60% concreto f'c=17.5 Mpa. con dimensiones de 0,40m x 0,40m x 0,25m. | B60: m³ | C60: 427019 | G60: Construdata
A61: Suministro e instalación de cimentación conformada por pedestales con dimensiones 0,40m x 0,40m x 0,25m, concreto f'c=3000 psi (21.1 MPa), tamaño máximo del agregado 12.5 mm, manejabilidad blanda, preparado en obra, con aditivo hidrófugo y fundido con medios manuales, acero fy=60 ksi (420 MPa), con una cuantía aproximada de 150 kg/m³. Incluye armaduras de espera de pedestales, alambre de atar, separadores, figurado del acero (corte y doblez), armado en el lugar definitivo de su colocación en obra y encofrado. | B61: m³ | C61: =ROUND(522136*(1/(1.2*1.2*0.45)),0) -> 805765 | G61: Construdata
A62: Suministro e instalación de tablilla de piso sección 1,7x10 cm en madera inmunizada (según detalle) bajo el sistema vacío presión, con sales CCA 9.6 kg/m3 tipo Osmose, bajo estándares de calidad que permitan dar garantía contra hongos, insectos perforadores y pudrición por 20 años. | B62: m² | C62: 95304 | G62: SERYE | H62: 47652 | I62: 1.8 x 8 m2 | J62: =+H62*2 -> 95304
A63: Suministro e instalación de viga 25x25 cm en madera inmunizada bajo el sistema vacío presión, con sales CCA 9.6 kg/m3 tipo Osmose, bajo estándares de calidad que permitan dar garantía contra hongos, insectos perforadores y pudrición por 20 años. Incluye tornillería y accesorios de instalación en acero al carbono con recubrimiento multicapa 20 μm con tratamiento superficial a base de resina epóxica y hojuelas de aluminio tipo Rothoblaas o similar para exteriores con fy=1000 MPa. | B63: ml | C63: =262182+$N$20 -> 283499 | G63: SERYE | H63: =163864/5*4 -> 131091.2 | I63: 4 de diametro 14.5 | J63: =+H63*2 -> 262182.4
A64: Concreto para encamisado de muros existentes. concreto f'c=3000 psi (21.1 MPa), espesor 5cm. | B64: m³ | C64: =ROUND(522136*(1/(1.2*1.2*0.45)),0) -> 805765 | G64: Construdata
A65: Anclaje epóxico para encamisado de muros existentes. L=90mm con barra de acero #3 fy 420 MPa (4200kg/cm2, 60000 psi). Longitud total 170mm c/0,40 m en ambos sentidos. | B65: un | C65: =+ROUND(13621*1.25,0) -> 17026 | G65: alejandro
A66: Anclaje epóxico para conexión de encamisado de muros a placa existente. L=100mm con barra de acero #3 fy 420 MPa (4200kg/cm2, 60000 psi). Longitud total 550mm c/0,30 m. | B66: un | C66: =+ROUND(C65*1.05,0) -> 17877 | G66: alejandro | I66: AREA DE LA MALLA | J66: PESO UNIDAD DE MALLA Kg | K66: peso/m2
A67: Malla electrosoldada de acero fy 485MPa (4900kg/cm2, 7000 psi) d=6,5mm c/0,15m en ambos sentidos. | B67: Kg | C67: 7472 | G67: IDRD | H67: 6.5 | I67: =6*2.35 -> 14.1 | J67: 49.4 | K67: =+J67/I67 -> 3.5035461
A68: Suministro e instalación de concreto ciclópeo, 40% rajón o piedra bola, 60% concreto f'c=17.5 Mpa. con dimensiones de 0,60m x 0,60m x 0,30m. | B68: m³ | C68: 427019 | G68: Construdata
A69: Suministro e instalación de cimentación conformada por zapatas con dimensiones 0,60m x 0,60m x 0,4m, concreto f'c=3000 psi (21.1 MPa), tamaño máximo del agregado 12.5 mm, manejabilidad blanda, preparado en obra, con aditivo hidrófugo y fundido con medios manuales, acero fy=60 ksi (420 MPa), con una cuantía aproximada de 150 kg/m³. Incluye armaduras de espera de pedestales, alambre de atar, separadores, figurado del acero (corte y doblez), armado en el lugar definitivo de su colocación en obra y encofrado. | B69: m³ | C69: 705341 | G69: Construdata
A70: Construcción de escalera en concreto reforzado. | B70: un | C70: 531986 | G70: IDRD | H70: 1063972 | I70: 1 m3 | J70: escalera de 0,5 m3 | K70: =+H70*0.5 -> 531986
A71: Suministro transporte y construcción de muros en mampostería bloque No. 5. | B71: m² | C71: 45789 | G71: Construdata
A72: Anclaje epóxico para confinamiento de mampostería. L=200mm con barra de acero #4 fy 420 MPa (4200kg/cm2, 60000 psi) | B72: un | C72: =+ROUND(13621*1.25,0) -> 17026 | G72: IDRD
A73: Suministro e instalación de columnetas con dimensiones 0,15m x 0,20m x 2,6m, concreto f'c=3000 psi (21.1 MPa), tamaño máximo del agregado 12.5 mm, manejabilidad blanda, preparado en obra, con aditivo hidrófugo y fundido con medios manuales, acero fy=60 ksi (420 MPa), con una cuantía aproximada de 150 kg/m³. Incluye alambre de atar, separadores, figurado del acero (corte y doblez), armado en el lugar definitivo de su colocación en obra y encofrado. | B73: m³ | C73: =ROUND(218776*(1/(1*0.3*0.4)),0) -> 1823133 | G73: Construdata
A74: Suministro e instalación de puerta metálica de acceso a habitaciones de hombres y mujeres (incluye todos los accesorios ) dim= a=900*h2200 mm). | B74: un | C74: =+ROUND(H74*(0.9*2.2),0) -> 1328616 | G74: IDRD | H74: 671018 | I74: M/2
A75: Suministro e instalación de ventanas proyectantes en aluminio con vidrio templado de 5mm opalizado (dim= a=1250*h1000 mm). | B75: un | C75: =+ROUND(H75*(1.2*1),0) -> 326099 | G75: IDRD | H75: 271749 | I75: M/2
A76: Suministro e instalación de ventanas proyectantes en aluminio con vidrio templado de 5mm opalizado (dim= a=1550*h1000 mm). | B76: un | C76: =+ROUND(H76*(1.55*1),0) -> 421211 | G76: IDRD | H76: 271749 | I76: M/2
A77: Suministro e instalación de enchape cerámico institucional para piso en zonas húmedas (baterías sanitarias, vestier), incluye pegante para cerámica y boquilla. | B77: m² | C77: 53827 | G77: Construdata
A78: Suministro e instalación de enchape cerámico institucional para piso en zonas húmedas, incluye pegante para cerámica y boquilla. | B78: m² | C78: 53827 | G78: Construdata
A79: Suministro e instalación de enchape cerámico institucional para muros en zonas húmedas, incluye pegante para cerámica y boquilla. | B79: m² | C79: 53827 | G79: Construdata
A80: Suministro e instalación de enchape cerámico institucional para piso en zonas húmedas (ducha), incluye pegante para cerámica y boquilla. | B80: m² | C80: 53827 | G80: Construdata
A81: Suministro e instalación de columnetas con dimensiones 0,15m x 0,25m x 2,1m concreto f'c=3000 psi (21.1 MPa), tamaño máximo del agregado 12.5 mm, manejabilidad blanda, preparado en obra, con aditivo hidrófugo y fundido con medios manuales, acero fy=60 ksi (420 MPa), con una cuantía aproximada de 150 kg/m³. Incluye alambre de atar, separadores, figurado del acero (corte y doblez), armado en el lugar definitivo de su colocación en obra y encofrado. | B81: m³ | C81: =ROUND(218776*(1/(1*0.3*0.4)),0) -> 1823133 | G81: Construdata
A82: Suministro e instalación de viga cinta con dimensiones 0,15m x 0,25m, concreto f'c=3000 psi (21.1 MPa), tamaño máximo del agregado 12.5 mm, manejabilidad blanda, preparado en obra, con aditivo hidrófugo y fundido con medios manuales, acero fy=60 ksi (420 MPa), con una cuantía aproximada de 150 kg/m³. Incluye alambre de atar, separadores, figurado del acero (corte y doblez), armado en el lugar definitivo de su colocación en obra y encofrado. | B82: m³ | C82: =ROUND(216371*(1/(1*0.3*0.4)),0) -> 1803092 | G82: Construdata
A83: Suministro, transporte y aplicación de mortero de nivelación. | B83: m² | C83: 28744 | G83: Construdata
A84: Suministro e instalación de cocina integral 2,40m con mueble superior. Incluye mesón y poceta en acero inoxidable. | B84: un | C84: 3650000 | G84: telefono
A85: Suministro e instalación de estufa a gas en acero inoxidable. Incluye accesorios para su correcto funcionamiento. | B85: un | C85: 758033 | G85: Construdata
A86: CUBIERTA | C86: 1
A87: Suministro e instalación de teja termoacústica tipo sándwich Metecno Glamet Techmet A42-P1000-G4 o similar de espesor 30 mm, calibre 26, color a convenir con el AP. Incluye accesorios (cumbrera, limatesa, limahoya, borde perimetral, encuentro frontal de faldón con paramento vertical, encuentro lateral de faldón con paramento vertical, etc.). Incluye accesorios de instalación y sellante. | B87: m2 | C87: =ROUND(201877*1.2,0) -> 242252 | G87: PNN GORGONA + 20% de accesorios
A88: APARATOS SANITARIOS | C88: 1
A89: Suministro e instalación de sanitario tipo institucional color blanco incluye todos los accesorios para su correcto funcionamiento. | B89: un | C89: 565781 | G89: Construdata
A90: Suministro e instalación de lavamanos de empotrar tipo institucional color blanco incluye todos los accesorios para su correcto funcionamiento. | B90: un | C90: 250287 | G90: Construdata
A91: Suministro e instalación de orinales tipo institucional color blanco incluye todos los accesorios para su correcto funcionamiento. | B91: un | C91: 584838 | G91: Construdata
A92: suministro e instalación de sanitario tipo institucional para personas de movilidad reducida color blanco incluye todos los accesorios en acero inoxidable para su correcto funcionamiento. | B92: un | C92: =+ROUND(565781*1.7,0) -> 961828 | G92: .Construdata + 70% de accesorios
A93: Suministro e instalación de lavamanos de empotrar tipo institucional para personas de movilidad reducida color blanco incluye todos los accesorios para su correcto funcionamiento. | B93: un | C93: =ROUND(250287*1.7,0) -> 425488 | G93: .Construdata + 70% de accesorios
A94: Suministro e instalación de ventanas proyectantes en aluminio con vidrio templado de 5mm opalizado (dim= a=2330*h300 mm). | B94: un | C94: =+ROUND(H94*(2.33*0.3),0) -> 189953 | G94: IDRD | H94: 271749 | I94: M/2
A95: Suministro e instalación de espejo 4mm cristal pulido, biselado y flotado. | B95: m² | C95: 69998 | G95: Construdata
A96: Suministro e instalación de ventanas proyectantes en aluminio con vidrio templado de 5mm opalizado (dim= a=720*h300 mm). | B96: un | C96: =+ROUND(H96*(0.72*0.3),0) -> 58698 | G96: IDRD | H96: 271749 | I96: M/2
A97: Suministro e instalación de puertas metálica de acceso a baño de hombres y mujeres (incluye todos los accesorios ) dim= a=1000*h2720 mm). | B97: un | C97: =+ROUND(H97*(1*2.72),0) -> 1825169 | G97: IDRD | H97: 671018 | I97: M/2
A98: Suministro e instalación de puertas metálica de acceso a baño de pmr (incluye todos los accesorios ) dim= a=1200*h2720 mm). | B98: un | C98: =+ROUND(H98*(1.2*2.72),0) -> 2190203 | G98: IDRD | H98: 671018 | I98: M/2
A99: Suministro e instalación divisiones de baño en acero inoxidable incluye todos los accesorios para su correcto funcionamiento . | B99: m² | C99: 641023 | G99: IDRD
A100: Suministro, transporte e instalación de mesón en acero inoxidable y mueble en aglomerado mdfh resistente a la humedad con resina melaminica y cantos termoplásticos (incluye herrajes), según diseño l=2450mm. | B100: un | C100: =+ROUND((J100*2.2+H100),0) -> 1749251 | G100: Construdata | H100: 339000 | I100: mueble | J100: 641023 | K100: acero inoxidable /m2
...

Sheet CÁLCULO ADMINISTRACIÓN 
B2: PARQUES NACIONALES NATURALES DE COLOMBIA
B3: MEJORAMIENTO DE LA INFRAESTRUCTURA DEL PARQUE NACIONAL NATURAL EL TUPARRO
B4: CÁLCULO DE ADMINISTRACIÓN, IMPREVISTOS Y UTILIDADES
B6: PROYECTO | D6: =+B3 -> MEJORAMIENTO DE LA INFRAESTRUCTURA DEL PARQUE NACIONAL NATURAL EL TUPARRO | J6: TIEMPO EN MESES | K6: 3
B7: ÍTEM | C7: DESCRIPCION | E7: CANTIDAD JORNADA | G7: % DEDICACION | H7: TIEMPO (MESES) / CANTIDAD | I7: ASIGNACION BASICA | J7: FACTOR PRESTACIONAL | K7: VALOR
E8: D | F8: N
B10: 1 | C10: PERSONAL PROFESIONAL Y TECNICO ADMINISTRATIVO | K10: =ROUND(SUBTOTAL(9,K11:K16),0) -> 33743605 | L10: =K10/$K$40 -> #DIV/0!
B11: =B10+0.01 -> 1.01 | C11: Director de obra | D11: Título de ingeniero Civil o Arquitecto. Experiencia general de de SEIS (06) años contados a partir de la expedición de la tarjeta profesional, y Experiencia especifica certificada de DOS (02) años como residente de obra de construcción, de los cuales deberá demostrar un (1) proyecto en ampliación y/o adecuación. | E11: 1 | F11: 0 | G11: 0.5 | H11: 3 | I11: =+ROUND('MER PERS DIS'!A3,0) -> 5180712 | J11: =+ROUND(IF(I11>$O$3,'FACTOR PRESTACIONAL'!$C$19,'FACTOR PRESTACIONAL'!#REF!),4) -> 1.623 | K11: =ROUND(E11*I11*G11*J11*H11,0) -> 12612443
B12: =B11+0.01 -> 1.02 | C12: Tecnologo Eléctrico | D12: Tecnologo eléctrico o electricista. Experiencia general de de TRES (03) años contados a partir de la expedición de la tarjeta profesional, y Experiencia especifica certificada de DOS (02) años como Tecnologo electrico o ingeniero electricista en contratos de Obra de Construcción y en sistemas fotovoltaicos | E12: 1 | F12: 0 | G12: 0.5 | H12: 2 | I12: =+ROUND('MER PERS DIS'!A10,0) -> 1776946 | J12: =+ROUND(IF(I12>$O$3,'FACTOR PRESTACIONAL'!$C$19,'FACTOR PRESTACIONAL'!#REF!),4) -> 1.623 | K12: =ROUND(E12*I12*G12*J12*H12,0) -> 2883983
B13: =B12+0.01 -> 1.03 | C13: Profesional hidrosanitario | D13: Título de ingeniero Civil y/o sanitario o afines. Experiencia general de TRES (03) años contados a partir de la expedición de la tarjeta profesional, y Experiencia especifica certificada de DOS (02) años en obras hidráulicas e hidrosanitarias en contratos de Construcción. | E13: 1 | F13: 0 | G13: 0.2 | H13: 2 | I13: =+ROUND('MER PERS DIS'!A7,0) -> 2915615 | J13: =+ROUND(IF(I13>$O$3,'FACTOR PRESTACIONAL'!$C$19,'FACTOR PRESTACIONAL'!#REF!),4) -> 1.623 | K13: =ROUND(E13*I13*G13*J13*H13,0) -> 1892817
B14: =B13+0.01 -> 1.04 | C14: Ingeniero SISOMA | D14: INGENIERO PROFESIONAL SISOMA. Ingeniero ambiental con posgrado en SST (Seguridad y Salud en el trabajo), o afines, con licencia vigente. Experiencia general de CUATRO (04) años contados a partir de la expedición de la tarjeta profesional, y Experiencia especifica certificada de TRES (03) años como residente SISOMA (Seguridad Industrial, Seguridad Ocupacional y Medio Ambiente). | E14: 1 | F14: 0 | G14: 0.5 | H14: 3 | I14: =+ROUND('MER PERS DIS'!A6,0) -> 3163858 | J14: =+ROUND(IF(I14>$O$3,'FACTOR PRESTACIONAL'!$C$19,'FACTOR PRESTACIONAL'!#REF!),4) -> 1.623 | K14: =ROUND(E14*I14*G14*J14*H14,0) -> 7702412
B15: =B14+0.01 -> 1.05 | C15: MAESTRO DE OBRA | E15: 1 | F15: 0 | G15: 1 | H15: 3 | I15: 1776946 | J15: =+ROUND(IF(I15>$O$3,'FACTOR PRESTACIONAL'!$C$19,'FACTOR PRESTACIONAL'!#REF!),4) -> 1.623 | K15: =ROUND(E15*I15*G15*J15*H15,0) -> 8651950
B18: 2 | C18: OTROS COSTOS | K18: =SUM(K20:K31) -> 11685000 | L18: =K18/$K$40 -> #DIV/0!
B19: COSTOS | H19: UNIDAD | I19: CANTIDAD | J19: VALOR UNITARIO | K19: TOTAL
B20: =B18+0.01 -> 2.01 | C20: Campamento | H20: Und | I20: 0 | J20: 2344980 | K20: =+ROUND(I20*J20,0) -> 0
B21: =B20+0.01 -> 2.02 | C21: herramientas ofimáticas, planos, papeleria, impresiones | H21: gl | I21: 1 | J21: =+ROUND(K40*0.4%/K6,0)*0+1185000 -> 1185000 | K21: =+ROUND(I21*J21,0) -> 1185000
B22: =B21+0.01 -> 2.03 | C22: Elementos de seguridad industrial (botiquín, camilla rígida, extintores, señalización de obra, dotación personal profesional, técnico y obreros) | H22: Und | I22: 1 | J22: =+ROUND(K40*0.6%/K6,0)*0+3000000 -> 3000000 | K22: =+ROUND(I22*J22,0) -> 3000000
B23: =B22+0.01 -> 2.04 | C23: Servicios Públicos Provisionales en Obra | H23: mes | I23: =+K6 -> 3 | J23: 0 | K23: =+ROUND(I23*J23,0) -> 0
H24: gl | J24: =+ROUND(K40*0.3%,0)*0+1500000 -> 1500000 | K24: =+ROUND(I24*J24,0) -> 0
B25: =B23+0.01 -> 2.05 | C25: Equipos de Oficina en Obra (computadores y otros) | H25: mes | I25: =+K6 -> 3 | J25: 0 | K25: =+ROUND(I25*J25,0) -> 0
J26: 86000 | K26: =+ROUND(I26*J26,0) -> 0
B27: =B26+0.01 -> 0.01 | C27: Oficina Central | H27: mes | J27: =+ROUND(K40*0.2%/K6,0)*0+1200000 -> 1200000 | K27: =+ROUND(I27*J27,0) -> 0
B28: =B27+0.01 -> 0.02 | C28: Caja menor | H28: mes | J28: 900000 | K28: =+ROUND(I28*J28,0) -> 0
B29: =B25+0.01 -> 2.06 | C29: Alquiler, camioneta, transportes y otros. | H29: mes | I29: =+I25 -> 3 | J29: 2500000 | K29: =+ROUND(I29*J29,0) -> 7500000
B30: =B29+0.01 -> 2.07
B31: =B30+0.01 -> 2.08 | K31: =+ROUND(I31*J31,0) -> 0
B32: 3 | C32: GASTOS LEGALES OBRA | K32: =SUBTOTAL(9,K33) -> 1205357 | L32: =K32/$K$40 -> #DIV/0!
B33: 3.1 | C33: Póliza obra | K33: ='CÁLCULO POLIZAS'!H24 -> 1205357
B34: 4 | C34: IMPUESTOS | K34: =SUBTOTAL(9,K35:K39) -> 3684084 | L34: =K34/$K$40 -> #DIV/0!
B35: =B34+0.1 -> 4.1 | C35: Retención en la fuente | E35: Valor Gravable | H35: =+K10+K18+K32+K40+K42+K43 -> 46633962 | J35: 0.01 | K35: =ROUND(+$H$35*J35,0) -> 466340
B36: =B35+0.1 -> 4.2 | C36: FONSECON | J36: 0.05 | K36: =ROUND(+$H$35*J36,0) -> 2331698
B37: =B36+0.1 -> 4.3 | C37: Industria y comercio (10/1000 sobre el valor gravable del contrato). | J37: 0.01 | K37: =ROUND(+$H$35*J37,0) -> 466340 | O37: =+K40 -> 0 | P37: =+O37*J41 -> #DIV/0! | Q37: =+O37*J42 -> 0 | R37: =+O37*J43 -> 0 | S37: =+R37*J45 -> 0
B38: =B37+0.1 -> 4.4 | C38: 4x1000 | J38: =4/1000 -> 0.004 | K38: =ROUND(+$H$35*J38,0) -> 186536
B39: =B38+0.1 -> 4.5 | C39: Prounal | J39: =+IF(H35<D57,0.5%,IF(AND(H35>D57,H35<D58),1%,2%)) -> 0.005 | K39: =ROUND(+$H$35*J39,0) -> 233170
B40: TOTAL COSTOS DIRECTOS | K40: =PPTO!F226 -> 0 | M40: 2.3440417e+08 | N40: 15730054 | O40: 1.3162145e+08 | P40: 50325396 | Q40: 2014320.4 | R40: 111857122
H41: ADMINISTRACION (%) | J41: =ROUND((K10+K18+K32+K34)/K40,4) -> #DIV/0! | K41: =ROUND($K$40*J41,0) -> #DIV/0!
H42: IMPREVISTOS (%) | J42: 0.03 | K42: =ROUND($K$40*J42,0) -> 0
H43: UTILIDAD (%) | J43: 0.05 | K43: =ROUND($K$40*J43,0) -> 0
H44: TOTAL AIU (%) | J44: =J41+J42+J43 -> #DIV/0! | K44: =SUM(K41:K43) -> #DIV/0!
H45: IVA SOBRE LA UTILIDAD | J45: 0.19 | K45: =ROUND(K43*J45,0) -> 0
H46: TOTAL COSTOS INDIRECTOS OBRA | K46: =SUM(K44:K45) -> #DIV/0!
H47: TOTAL OBRA | K47: =+K46+K40 -> #DIV/0!
C55: UVT | D55: 38004
C56: Base gravable y tarifa. El sujeto pasivo deﬁnido en el artículo 6° de la presente ley pagará por las suscripciones de los contratosde obra pública y sus conexos en función de las siguientes bases y tarifas:
C57: Los contratos cuyo valor esté entre 1 y 1262,52 UVT pagarán el 0.5%. | D57: =1262.52*D55 -> 47980810
C58: Los contratos entre 1262,53 y 150120 UVT pagarán el 1% | D58: =150120*D55 -> 5705160480
C59: los contratos mayores a 150120 UVT pagarán el 2% | D59: =150120*D55 -> 5705160480
C65: https://www.portafolio.co/economia/impuestos/uvt-para-2022-en-cuanto-lo-fijo-la-dian-y-para-que-es-usado-559127
C66: http://www.comunidadcontable.com/BancoNorma/uvt-vigente-para-2022.asp?CodSeccion=106#:~:text=La%20Direcci%C3%B3n%20de%20Impuestos%20y,1%C2%BA%20de%20enero%20del%202022.
C95: http://www.secretariasenado.gov.co/senado/basedoc/ley_1697_2013.html

Sheet CÁLCULO POLIZAS
B2: PARQUES NACIONALES NATURALES DE COLOMBIA
B3: CÁLCULO DE APROXIMADO DE AMPAROS
B6: PROYECTO | D6: =PPTO!A1 -> PARQUES NACIONALES NATURALES DE COLOMBIA PNN TUPARRO PRESUPUESTO ESTIMADO VIGENCIA 2023 - OBRA | I6: 373642451 | L6: =1500*908526 -> 1362789000 | M6: 200
B7: COSTO DE LA OBRA | E7: =+I6 -> 373642451 | I7: =+PPTO!E240 -> 0 | J7: DIAS | K7: MESES | L7: =2500*908526 -> 2271315000 | M7: 300
B8: VALOR ANTICIPO (20%) | E8: =PPTO!F226*20% -> 0 | L8: =5000*908526 -> 4542630000 | M8: 400
B9: PLAZO DE EJECUCION EN DIAS | E9: =ROUND(K9,0) -> 92 | J9: 5 | K9: 92 | L9: =10000*908526 -> 9085260000 | M9: 500
B10: ÍTEM | C10: AMPARO | D10: % AMPARO | E10: VALOR ASEGURADO | F10: TASA | G10: # TOTAL EJECUCION | H10: VALOR PRIMA | L10: 0.05
B13: 1 | C13: POLIZAS | H13: =SUM(H14:H19) -> 1005904.7
B14: =B13+0.01 -> 1.01 | C14: Cumplimiento | D14: 0.1 | E14: =E7*$D$14 -> 37364245 | F14: 0.00175 | G14: 274 | H14: =ROUND(E14*F14/365*G14,2) -> 49085.36
B15: =B14+0.01 -> 1.02 | C15: Calidad y correcto funcionamiento de los Bienes suministrados | D15: 0.2 | E15: =E7*$D$15 -> 74728490 | F15: 0.00175 | G15: 274 | H15: =ROUND(E15*F15/365*G15,2) -> 98170.72
B16: =B15+0.01 -> 1.03 | C16: Pago de salarios, prestaciones sociales, legales e indemnizaciones | D16: 0.05 | E16: =E7*$D$16 -> 18682123 | F16: 0.00175 | G16: 1187 | H16: =ROUND(E16*F16/365*G16,2) -> 106321.75
B17: =B16+0.01 -> 1.04 | C17: Buen manejo y correcta inversión del anticipo | D17: 1 | E17: =E8*$D$17 -> 0 | F17: 0.00175 | G17: 274 | H17: =ROUND(E17*F17/365*G17,2) -> 0
B18: =B17+0.01 -> 1.05 | C18: Estabilidad y calidad de la obra | D18: 0.2 | E18: =E7*$D$18 -> 74728490 | F18: 0.00175 | G18: =(365*5) -> 1825 | H18: =ROUND(E18*F18/365*G18,2) -> 653874.29
B19: =B18+0.01 -> 1.06 | C19: Responsabilidad civil Extracontractual | D19: 300 salarios mínimos | E19: =+IF(I6<=L6,M6*D22,IF(AND(I6>L6,I6<=L7),M7*D22,IF(AND(I6>L7,I6<=L8),M8*D22,IF(AND(I6>L8,I6<=L9),M9*D22,I6*L10)))) -> 223200000 | F19: 0.00175 | G19: 92 | H19: =ROUND(E19*F19/365*G19,2) -> 98452.6
C20: TOTAL GASTOS AMPAROS MINIMOS APROXIMADOS A SOLICITAR | H20: =H13 -> 1005904.7
F21: Gastos de expedición | H21: 7000
C22: SALARIO MINIMO 2023 | D22: 1116000 | F22: Subtotal | H22: =H20+H21 -> 1012904.7
F23: IVA | G23: 0.19 | H23: =H22*G23 -> 192451.9
F24: TOTAL GASTOS AMPAROS MINIMOS | H24: =ROUND(H22+H23,0) -> 1205357

Sheet MER PERS DIS
A1: PROMEDIO | B1: Personal PROFESIONAL | C1: EXPERIENCIA MINIMA | D1: TIEMPO | E1: ESPERIENCIA ESPECIFICA | F1: TIEMPO | G1: EXPERIENCIA MINIMA
A3: 5180711.8 | B3: PROFESIONAL ESPECIALIZADO | C3: Título Profesional de XXXX con postgrado en XXXXXX: Experiencia general certificada: de diez (10) años contados desde la expedición de la tarjeta profesional y | D3: DE 4 A 6 AÑOS | E3: Experiencia especifica relacionada con los servicios a contratar | F3: 5 años | G3: Experiencia especifica certificada: seis (6) años como XXXXX
A4: 5180711.8 | B4: PROFESIONAL ESPECIALIZADO | C4: Título profesional de XXXX con postgrado en XXXXXX: Experiencia general: de seis (6) años contados a partir de la expedición de la tarjeta profesional, y | D4: DE 4 A 6 AÑOS | E4: Experiencia especifica relacionada con los servicios a contratar | F4: 4 años | G4: Experiencia especifica certificada: de cuatro (4) años como XXXXX
A5: 3701834.4 | B5: PROFESIONAL | C5: Título profesional de XXXX Experiencia general: de seis (6) años contados a partir de la expedición de la tarjeta profesional, y | D5: DE 4 A 6 AÑOS | E5: Experiencia especifica relacionada con los servicios a contratar | F5: 4 años | G5: Experiencia especifica certificada: de cuatro (4) años como XXXXX
A6: 3163858.2 | B6: PROFESIONAL | C6: Título Profesional de XXXX Experiencia general: de cuatro (4) años contados a partir de la expedición de la tarjeta profesional, y | D6: DE 3 A 4 AÑOS | E6: Experiencia especifica relacionada con los servicios a contratar | F6: 3 años | G6: Experiencia especifica certificada: de tres (3) años como XXXXXX
A7: 2915615.2 | B7: PROFESIONAL | C7: Título Profesional de XXXX Experiencia general: de tres (3) años contados a partir de la expedición de la tarjeta profesional, y | D7: DE 2 A 3 AÑOS | E7: Experiencia especifica relacionada con los servicios a contratar | F7: 2 años | G7: Experiencia especifica certificada: de dos (2) años como XXXXXX
A8: 2302061.2 | B8: PROFESIONAL | C8: Título Profesional de XXXX | D8: DE 1 AÑOS | E8: Experiencia especifica relacionada con los servicios a contratar | F8: 1 | G8: Experiencia general: de un (1) años contados a partir de la expedición de la tarjeta profesional
A10: 1776945.8 | B10: Técnicos o Tecnológicos | C10: Título Técnico o Tecnológico de XXXX | D10: DE 2 A 3 AÑO | E10: Experiencia especifica relacionada con los servicios a contratar | F10: 2 | G10: Experiencia especifica: de dos(2) años contados a partir de la fecha de certificación
A11: 1606578.8 | B11: Técnicos o Tecnológicos | C11: Título Técnico o Tecnológico de XXXX | D11: DE 1 A 2 AÑO | E11: Experiencia especifica relacionada con los servicios a contratar | F11: 1 | G11: Experiencia especifica: de un (1) años contados a partir de la fecha de certificación
A13: 1208322.4 | B13: ASISTENCIAL | C13: Título de Bachiller en cualquier modalidad Experiencia general: de un (2) años contados a partir de la fecha del grado, y | D13: DE 1 A 2 AÑOS | E13: Experiencia especifica relacionada con los servicios a contratar | F13: 1 | G13: Experiencia especifica certificada: de un (1) años como XXXXX
A14: 1071855.6 | B14: ASISTENCIAL | C14: Título de Bachiller en cualquier modalidad | D14: DE 0 A 1 AÑOS | E14: Experiencia especifica relacionada con los servicios a contratar | F14: 1 | G14: Experiencia especifica certificada: de un (1) años como XXXXX

Sheet PERSONAL OBRA 
A2: PARQUES NACIONALES NATURALES DE COLOMBIA
A3: =+PPTO!A2 -> 0
A4: PERSONAL DE OBRA
A6: PERSONAL PROFESIONAL ETAPA OBRA
A7: CONCEPTO | B7: EXPERIENCIA | C7: A | D7: B | E7: C | F7: D | G7: E | H7: F
A8: Personal PROFESIONAL | B8: EXPERIENCIA MINIMA | C8: CANTIDAD | D8: SUELDO MES BASICO | E8: DEDICACION | F8: % FM | G8: VALOR MES (AXBXCXD) | H8: No, de meses | I8: TOTAL PARCIAL (EXF)
A9: =+'CÁLCULO ADMINISTRACIÓN '!C11 -> Director de obra | B9: =+'CÁLCULO ADMINISTRACIÓN '!D11 -> Título de ingeniero Civil o Arquitecto. Experiencia general de de SEIS (06) años contados a partir de la expedición de la tarjeta profesional, y Experiencia especifica certificada de DOS (02) años como residente de obra de construcción, de los cuales deberá demostrar un (1) proyecto en ampliación y/o adecuación. | C9: =+'CÁLCULO ADMINISTRACIÓN '!E11 -> 1 | D9: =+'CÁLCULO ADMINISTRACIÓN '!I11 -> 5180712 | E9: =+'CÁLCULO ADMINISTRACIÓN '!G11 -> 0.5 | F9: =+'CÁLCULO ADMINISTRACIÓN '!J11 -> 1.623 | G9: =ROUND((+C9*D9*E9*F9),2) -> 4204147.8 | H9: =+'CÁLCULO ADMINISTRACIÓN '!H11 -> 3 | I9: =+ROUND(G9*H9,0) -> 12612443 | J9: 6-4
A10: =+'CÁLCULO ADMINISTRACIÓN '!#REF! -> #REF! | B10: =+'CÁLCULO ADMINISTRACIÓN '!#REF! -> #REF! | C10: =+'CÁLCULO ADMINISTRACIÓN '!#REF! -> #REF! | D10: =+'CÁLCULO ADMINISTRACIÓN '!#REF! -> #REF! | E10: =+'CÁLCULO ADMINISTRACIÓN '!#REF! -> #REF! | F10: =+'CÁLCULO ADMINISTRACIÓN '!#REF! -> #REF! | G10: =ROUND((+C10*D10*E10*F10),2) -> #REF! | H10: =+'CÁLCULO ADMINISTRACIÓN '!#REF! -> #REF! | I10: =+ROUND(G10*H10,0) -> #REF! | J10: 4-3
A11: =+'CÁLCULO ADMINISTRACIÓN '!C12 -> Tecnologo Eléctrico | B11: =+'CÁLCULO ADMINISTRACIÓN '!D12 -> Tecnologo eléctrico o electricista. Experiencia general de de TRES (03) años contados a partir de la expedición de la tarjeta profesional, y Experiencia especifica certificada de DOS (02) años como Tecnologo electrico o ingeniero electricista en contratos de Obra de Construcción y en sistemas fotovoltaicos | C11: =+'CÁLCULO ADMINISTRACIÓN '!E12 -> 1 | D11: =+'CÁLCULO ADMINISTRACIÓN '!I12 -> 1776946 | E11: =+'CÁLCULO ADMINISTRACIÓN '!G12 -> 0.5 | F11: =+'CÁLCULO ADMINISTRACIÓN '!J12 -> 1.623 | G11: =ROUND((+C11*D11*E11*F11),2) -> 1441991.7 | H11: =+'CÁLCULO ADMINISTRACIÓN '!H12 -> 2 | I11: =+ROUND(G11*H11,0) -> 2883983 | J11: 3-2
A12: =+'CÁLCULO ADMINISTRACIÓN '!C13 -> Profesional hidrosanitario | B12: =+'CÁLCULO ADMINISTRACIÓN '!D13 -> Título de ingeniero Civil y/o sanitario o afines. Experiencia general de TRES (03) años contados a partir de la expedición de la tarjeta profesional, y Experiencia especifica certificada de DOS (02) años en obras hidráulicas e hidrosanitarias en contratos de Construcción. | C12: =+'CÁLCULO ADMINISTRACIÓN '!E13 -> 1 | D12: =+'CÁLCULO ADMINISTRACIÓN '!I13 -> 2915615 | E12: =+'CÁLCULO ADMINISTRACIÓN '!G13 -> 0.2 | F12: =+'CÁLCULO ADMINISTRACIÓN '!J13 -> 1.623 | G12: =ROUND((+C12*D12*E12*F12),2) -> 946408.63 | H12: =+'CÁLCULO ADMINISTRACIÓN '!H13 -> 2 | I12: =+ROUND(G12*H12,0) -> 1892817 | J12: 3-2
A13: =+'CÁLCULO ADMINISTRACIÓN '!C14 -> Ingeniero SISOMA | B13: =+'CÁLCULO ADMINISTRACIÓN '!D14 -> INGENIERO PROFESIONAL SISOMA. Ingeniero ambiental con posgrado en SST (Seguridad y Salud en el trabajo), o afines, con licencia vigente. Experiencia general de CUATRO (04) años contados a partir de la expedición de la tarjeta profesional, y Experiencia especifica certificada de TRES (03) años como residente SISOMA (Seguridad Industrial, Seguridad Ocupacional y Medio Ambiente). | C13: =+'CÁLCULO ADMINISTRACIÓN '!E14 -> 1 | D13: =+'CÁLCULO ADMINISTRACIÓN '!I14 -> 3163858 | E13: =+'CÁLCULO ADMINISTRACIÓN '!G14 -> 0.5 | F13: =+'CÁLCULO ADMINISTRACIÓN '!J14 -> 1.623 | G13: =ROUND((+C13*D13*E13*F13),2) -> 2567470.8 | H13: =+'CÁLCULO ADMINISTRACIÓN '!H14 -> 3 | I13: =+ROUND(G13*H13,0) -> 7702412 | J13: 3-2
A14: =+'CÁLCULO ADMINISTRACIÓN '!#REF! -> #REF! | B14: =+'CÁLCULO ADMINISTRACIÓN '!#REF! -> #REF! | C14: =+'CÁLCULO ADMINISTRACIÓN '!#REF! -> #REF! | D14: =+'CÁLCULO ADMINISTRACIÓN '!#REF! -> #REF! | E14: =+'CÁLCULO ADMINISTRACIÓN '!#REF! -> #REF! | F14: =+'CÁLCULO ADMINISTRACIÓN '!#REF! -> #REF! | G14: =(+C14*D14*E14*F14) -> #REF! | H14: =+'CÁLCULO ADMINISTRACIÓN '!#REF! -> #REF! | I14: =+ROUND(G14*H14,0) -> #REF! | J14: 3-1
A15: =+'CÁLCULO ADMINISTRACIÓN '!#REF! -> #REF! | B15: =+'CÁLCULO ADMINISTRACIÓN '!#REF! -> #REF! | C15: =+'CÁLCULO ADMINISTRACIÓN '!#REF! -> #REF! | D15: =+'CÁLCULO ADMINISTRACIÓN '!#REF! -> #REF! | E15: =+'CÁLCULO ADMINISTRACIÓN '!#REF! -> #REF! | F15: =+'CÁLCULO ADMINISTRACIÓN '!#REF! -> #REF! | G15: =(+C15*D15*E15*F15) -> #REF! | H15: =+'CÁLCULO ADMINISTRACIÓN '!#REF! -> #REF! | I15: =+ROUND(G15*H15,0) -> #REF! | J15: 44292
A16: =+'CÁLCULO ADMINISTRACIÓN '!#REF! -> #REF! | B16: =+'CÁLCULO ADMINISTRACIÓN '!#REF! -> #REF! | C16: =+'CÁLCULO ADMINISTRACIÓN '!#REF! -> #REF! | D16: =+'CÁLCULO ADMINISTRACIÓN '!#REF! -> #REF! | E16: =+'CÁLCULO ADMINISTRACIÓN '!#REF! -> #REF! | F16: =+'CÁLCULO ADMINISTRACIÓN '!#REF! -> #REF! | G16: =(+C16*D16*E16*F16) -> #REF! | H16: =+'CÁLCULO ADMINISTRACIÓN '!#REF! -> #REF! | I16: =+ROUND(G16*H16,0) -> #REF! | J16: 44292
A17: =+'CÁLCULO ADMINISTRACIÓN '!#REF! -> #REF! | B17: =+'CÁLCULO ADMINISTRACIÓN '!#REF! -> #REF! | C17: =+'CÁLCULO ADMINISTRACIÓN '!#REF! -> #REF! | D17: =+'CÁLCULO ADMINISTRACIÓN '!#REF! -> #REF! | E17: =+'CÁLCULO ADMINISTRACIÓN '!#REF! -> #REF! | F17: =+'CÁLCULO ADMINISTRACIÓN '!#REF! -> #REF! | G17: =(+C17*D17*E17*F17) -> #REF! | H17: =+'CÁLCULO ADMINISTRACIÓN '!#REF! -> #REF! | I17: =+ROUND(G17*H17,0) -> #REF! | J17: 44292
A18: SUB TOTAL COSTO PERSONAL PROFESIONAL | I18: =SUM(I9:I17) -> #REF!
I24: =SUM(I10) -> #REF!
I25: =+I9 -> 12612443

Sheet FACTOR PRESTACIONAL
B2: FACTOR PRESTACIONAL
B3: ITEM | C3: %
B4: A. SALARIO | C4: 1
B5: B. PRESTACIONES SOCIALES
B6: Tranporte | C6: 0
B7: Cesantías | C7: =+C4/12 -> 0.083333333
B8: Intereses de cesantías | C8: 0.01
B9: Primas | C9: =+C4/12 -> 0.083333333
B10: Vacaciones | C10: 0.0417
B11: Pensión | C11: 0.12
B12: Salud | C12: 0.085
B13: Riesgos profesionales | C13: 0.0696
B14: SENA | C14: 0.02
B15: ICBF | C15: 0.03
B16: Subsidio Familiar | C16: 0.04
B17: Dotación | C17: 0.04
B18: Subtotal prestaciones sociales | C18: =SUM(C6:C17) -> 0.62296667
B19: TOTAL (A+B) | C19: =C4+C18 -> 1.6229667

Sheet DISEÑOS (2)
A2: PARQUES NACIONALES NATURALES DE COLOMBIA
A3: PNN TAYRONA
A4: ETAPA DE DISEÑOS
A6: PROYECTO | C6: =+A3 -> PNN TAYRONA | H6: TIEMPO EN MESES | K6: 3
A7: ÍTEM | B7: DESCRIPCION | D7: CANTIDAD JORNADA | F7: ASIGNACION BASICA | G7: % DEDICACION | H7: FACTOR PRESTACIONAL | J7: TIEMPO (MESES) / CANTIDAD | K7: VALOR
D8: D | E8: N
A10: 1 | B10: PERSONAL PROFESIONAL Y TECNICO ADMINISTRATIVO | K10: 106082642 | L10: 0.69358462 | N10: 1.3666667
B11: CONCEPTO
B12: PERSONAL | C12: Experiencia | D12: CANTIDAD | F12: SUELDO BASICO | G12: DEDICACIÓN | H12: % FM | I12: VALOR MES (A*B*C*D) | J12: No. MESES | K12: TOTAL PARCIAL (E*F)
A13: 1.01 | B13: DIRECTOR DE CONSULTORIA | C13: Título de Arquitecto con postgrado en áreas de arquitectura Experiencia general de SEIS (06) años contados a partir de la expedición de la tarjeta profesional, y Experiencia especifica certificada de CUATRO (04) años como director de estudios y diseños de construcciones. | D13: 1 | F13: 0 | G13: 0.5 | I13: 0 | J13: 3 | K13: 0
A14: 1.02 | B14: ARQUITECTO DISEÑADOR | C14: Título de Arquitecto Experiencia general de TRES (03) años contados a partir de la expedición de la tarjeta profesional, y Experiencia especifica certificada de DOS (02) años como diseñador de construcciones de los cuales UNO (01) sea como diseñador de estructura liviana | D14: 2 | F14: 0 | G14: 1 | I14: 0 | J14: 3 | K14: 0
A15: 1.03 | B15: INGENIERO ELECTRICO | C15: Título de Ingeniero Eléctrico o Ingeniero Electricista Experiencia general de TRES (03) años contados a partir de la expedición de la tarjeta profesional, y Experiencia especifica certificada de DOS (02) años en diseño eléctrico de obras de infraestructura | D15: 1 | F15: 0 | G15: 0.5 | I15: 0 | J15: 3 | K15: 0
A16: 1.04 | B16: ESPECIALISTA EN ESTRUCTURAS | C16: Título de Ingeniero Civil con postgrado en estructuras. Experiencia general de CUATRO (04) años contados a partir de la expedición de la tarjeta profesional, y Experiencia especifica certificada de TRES (03) años como diseñador de estructuras de los cuales UNO (01) sea en reforzamiento estructural y adecuaciones. | D16: 1 | F16: 0 | G16: 0.7 | I16: 0 | J16: 3 | K16: 0
A17: 1.05 | B17: PROFESIONAL HIDROSANITARIO | C17: Título de Ingeniero Civil. Experiencia general de TRES (03) años contados a partir de la expedición de la tarjeta profesional, y Experiencia especifica certificada de DOS (02) años en diseños hidrosanitarios. | D17: 1 | F17: 0 | G17: 0.5 | I17: 0 | J17: 3 | K17: 0
A18: 1.06 | B18: PROFESIONAL EN PROGRAMACIÒN Y PRESUPUESTOS | C18: Título de pregrado profesional. Experiencia general de TRES (03) años contados a partir de la expedición de la tarjeta profesional (cuando aplique), y Experiencia especifica certificada de DOS (02) años en manejo de presupuestos de obra y/o control de costos en obras de construcción | D18: 1 | F18: 0 | G18: 1 | I18: 0 | J18: 3 | K18: 0
A19: 1.07 | B19: INGENIERO AMBIENTAL | C19: Profesional en Ingeniería Ambiental. Experiencia general de TRES (03) años contados a partir de la expedición de la tarjeta profesional, y Experiencia especifica certificada de DOS (02) años en elaboración de PMA o control y seguimiento de PMA | D19: 1 | F19: 0 | G19: 0.5 | I19: 0 | J19: 3 | K19: 0
A20: 1.08 | B20: DIBUJANTE AUTOCAD | C20: Técnico o tecnólogo en construcciones de obras civiles o similar con dos (02) años de experiencia general y un (01) año de experiencia especifica certificada como dibujante de arquitectura | D20: 2 | F20: 0 | G20: 1 | I20: 0 | J20: 3 | K20: 0
A21: 1.09 | B21: Topógrafo | C21: Profesional en Topografía. Experiencia general de TRES (03) años contados a partir de la expedición de la tarjeta profesional, y Experiencia especifica certificada de DOS (02) años en levantamientos topográficos. | D21: 1 | F21: 0 | G21: 0.2 | I21: 0 | J21: 3 | K21: 0
A22: 1.1 | B22: Cadenero | C22: Técnico o tecnólogo en construcciones de obras civiles o similar con dos (02) años de experiencia general y un (01) año de experiencia especifica certificada como cadenero o ayudante de levantamientos topográficos. | D22: 2 | F22: 0 | G22: 0.2 | I22: 0 | J22: 3 | K22: 0
A23: 1.11 | D23: 1 | E23: 0 | F23: 2263208 | H23: 1.6716 | J23: 3 | K23: 0
B24: COSTO PERSONAL | K24: 0
A26: 2 | B26: OTROS COSTOS | K26: 13180000
A27: COSTOS | F27: CANTIDAD | H27: VALOR UNITARIO | J27: UNIDAD | K27: TOTAL
A28: 2.01 | B28: Arriendo Oficina | F28: 3 | H28: 2500000 | J28: mes | K28: 7500000
A29: 2.02 | B29: Servicios públicos | F29: 3 | H29: 300000 | J29: mes | K29: 900000
A30: 2.03 | B30: Papelería, Fotocopias, Informes, Equipos de oficina, Planos | F30: 3 | H30: 1500000 | J30: mes | K30: 4500000
A31: 2.04 | B31: Desplazamiento y Trabajo In Situ | F31: 14 | H31: 20000 | J31: Día/Persona | K31: 280000
A32: 2.05 | F32: 3 | J32: mes | K32: 0
A33: 2.06 | F33: 3 | J33: mes | K33: 0
A34: 2.07 | F34: 3 | J34: mes | K34: 0
A35: 2.08 | F35: 3 | J35: mes | K35: 0
A36: 2.09 | F36: 3 | J36: mes | K36: 0
A37: 2.1 | F37: 3 | J37: mes | K37: 0
A38: 2.11 | F38: 3 | J38: mes | K38: 0
A39: 2.12 | F39: 3 | J39: mes | K39: 0
A40: 2.13 | F40: 3 | J40: mes | K40: 0
A41: 2.14 | F41: 3 | J41: mes | K41: 0
A42: 2.15 | F42: 3 | J42: mes | K42: 0
A44: 3 | B44: IMPUESTOS | K44: 33685734 | L44: 0.22024251
A45: 3.1 | B45: Retención en la fuente (1% sobre el valor gravable del contrato) | D45: Valor Gravable | H45: 0.01 | J45: 125225774 | K45: 1252258
A46: 3.2 | B46: FONSECON (5% sobre el valor gravable del contrato) | H46: 0.05 | K46: 6261289
A47: 3.3 | B47: Industria y comercio (10/1000 sobre el valor gravable del contrato). | H47: 0.01 | K47: 1252258
A48: 3.4 | B48: Impuesto 4x1000 | H48: 0.004 | K48: 500903
A49: 3.5 | B49: Impuesto Pronal: por los contratos cuyo valor esté entre 1 y 2.000 smmlv pagarán el 0.5%. Los contratos entre 2.001 y 6.000 smmlv pagarán el 1% y los contratos mayores a 6.001 smmlv pagarán el 2%. | H49: 0.005 | K49: 626129
A50: 3.6 | B50: IVA | H50: 0.19 | K50: 23792897
A51: TOTAL+ TOTAL IMPUESTOS, TASA Y CONTRIBUCIONES | B51: TOTAL GASTOS ADMINISTRATIVOS (TOTAL A) | H51: 152948376 | N51: U2 | O51: U3 | P51: U4 | Q51: U5 | R51: U6
A52: UTILIDAD 5% | B52: TOTAL GASTOS ADMINISTRATIVOS (TOTAL A) | H52: 5963132
A53: TOTAL ETAPA | B53: TOTAL GASTOS ADMINISTRATIVOS (TOTAL A) | H53: 158911508
B69: Salario mínimo | C69: 908526
B70: Base gravable y tarifa. El sujeto pasivo deﬁnido en el artículo 6° de la presente ley pagará por las suscripciones de los contratos de obra pública y sus conexos en función de las siguientes bases y tarifas:
B71: Los contratos cuyo valor esté entre 1 y 2.000 smmlv pagarán el 0.5%. | C71: 1817052000
B72: Los contratos entre 2.001 y 6.000 smmlv pagarán el 1% | C72: 5451156000
B73: los contratos mayores a 6.001 smmlv pagarán el 2% | C73: 5452064526

Sheet DISEÑOS (3)
A2: PARQUES NACIONALES NATURALES DE COLOMBIA
A3: PNN TAYRONA
A4: ETAPA DE DISEÑOS
A6: PROYECTO | C6: =+A3 -> PNN TAYRONA | I6: TIEMPO EN MESES | J6: 3
A7: ÍTEM | B7: DESCRIPCION | D7: CANTIDAD JORNADA | F7: % DEDICACION | G7: TIEMPO (MESES) / CANTIDAD | H7: ASIGNACION BASICA | I7: FACTOR PRESTACIONAL | J7: VALOR
D8: D | E8: N
A10: 1 | B10: PERSONAL PROFESIONAL Y TECNICO ADMINISTRATIVO | J10: 106082642 | K10: 0.69358462 | M10: 1.3666667
B12: PERSONAL | C12: Experiencia | D12: CANTIDAD | F12: DEDICACIÓN | G12: No. MESES | H12: SUELDO BASICO | I12: % FM | J12: TOTAL PARCIAL
A13: 1.01 | B13: DIRECTOR DE CONSULTORIA | C13: Título de Arquitecto con postgrado en áreas de arquitectura Experiencia general de SEIS (06) años contados a partir de la expedición de la tarjeta profesional, y Experiencia especifica certificada de CUATRO (04) años como director de estudios y diseños de construcciones. | D13: 1 | F13: 0.5 | G13: 3 | H13: 4173925.7 | I13: 1.6716 | J13: 10465701
A14: 1.02 | B14: ARQUITECTO DISEÑADOR | C14: Título de Arquitecto Experiencia general de TRES (03) años contados a partir de la expedición de la tarjeta profesional, y Experiencia especifica certificada de DOS (02) años como diseñador de construcciones de los cuales UNO (01) sea como diseñador de estructura liviana | D14: 2 | F14: 1 | G14: 3 | H14: 2659319 | I14: 1.6716 | J14: 26671906
A15: 1.03 | B15: INGENIERO ELECTRICO | C15: Título de Ingeniero Eléctrico o Ingeniero Electricista Experiencia general de TRES (03) años contados a partir de la expedición de la tarjeta profesional, y Experiencia especifica certificada de DOS (02) años en diseño eléctrico de obras de infraestructura | D15: 1 | F15: 0.5 | G15: 3 | H15: 2659319 | I15: 1.6716 | J15: 6667976
A16: 1.04 | B16: ESPECIALISTA EN ESTRUCTURAS | C16: Título de Ingeniero Civil con postgrado en estructuras. Experiencia general de CUATRO (04) años contados a partir de la expedición de la tarjeta profesional, y Experiencia especifica certificada de TRES (03) años como diseñador de estructuras de los cuales UNO (01) sea en reforzamiento estructural y adecuaciones. | D16: 1 | F16: 0.7 | G16: 3 | H16: 3563094.7 | I16: 1.6716 | J16: 12507745
A17: 1.05 | B17: PROFESIONAL HIDROSANITARIO | C17: Título de Ingeniero Civil. Experiencia general de TRES (03) años contados a partir de la expedición de la tarjeta profesional, y Experiencia especifica certificada de DOS (02) años en diseños hidrosanitarios. | D17: 1 | F17: 0.5 | G17: 3 | H17: 2659319 | I17: 1.6716 | J17: 6667976
A18: 1.06 | B18: PROFESIONAL EN PROGRAMACIÒN Y PRESUPUESTOS | C18: Título de pregrado profesional. Experiencia general de TRES (03) años contados a partir de la expedición de la tarjeta profesional (cuando aplique), y Experiencia especifica certificada de DOS (02) años en manejo de presupuestos de obra y/o control de costos en obras de construcción | D18: 1 | F18: 1 | G18: 3 | H18: 2659319 | I18: 1.6716 | J18: 13335953
A19: 1.07 | B19: INGENIERO AMBIENTAL | C19: Profesional en Ingeniería Ambiental. Experiencia general de TRES (03) años contados a partir de la expedición de la tarjeta profesional, y Experiencia especifica certificada de DOS (02) años en elaboración de PMA o control y seguimiento de PMA | D19: 1 | F19: 0.5 | G19: 3 | H19: 2659319 | I19: 1.6716 | J19: 6667976
A20: 1.08 | B20: DIBUJANTE AUTOCAD | C20: Técnico o tecnólogo en construcciones de obras civiles o similar con dos (02) años de experiencia general y un (01) año de experiencia especifica certificada como dibujante de arquitectura | D20: 2 | F20: 1 | G20: 3 | H20: 1697493.7 | I20: 1.6716 | J20: 17025182
A21: 1.09 | B21: Topógrafo | C21: Profesional en Topografía. Experiencia general de TRES (03) años contados a partir de la expedición de la tarjeta profesional, y Experiencia especifica certificada de DOS (02) años en levantamientos topográficos. | D21: 1 | F21: 0.2 | G21: 3 | H21: 2659319 | I21: 1.6716 | J21: 2667191
A22: 1.1 | B22: Cadenero | C22: Técnico o tecnólogo en construcciones de obras civiles o similar con dos (02) años de experiencia general y un (01) año de experiencia especifica certificada como cadenero o ayudante de levantamientos topográficos. | D22: 2 | F22: 0.2 | G22: 3 | H22: 1697493.7 | I22: 1.6716 | J22: 3405036
A23: 1.11 | D23: 1 | E23: 0 | G23: 3 | H23: 2263208 | I23: 1.6716 | J23: 0
A24: COSTO TOTAL ANTES DE IMPUESTOS | I24: 106082642
A26: 2 | B26: OTROS COSTOS | J26: 13180000
B27: COSTOS | G27: UNIDAD | H27: CANTIDAD | I27: VALOR UNITARIO | J27: TOTAL
A28: 2.01 | B28: Arriendo Oficina | G28: mes | H28: 3 | I28: 2500000 | J28: 7500000
A29: 2.02 | B29: Servicios públicos | G29: mes | H29: 3 | I29: 300000 | J29: 900000
A30: 2.03 | B30: Papelería, Fotocopias, Informes, Equipos de oficina, Planos | G30: mes | H30: 3 | I30: 1500000 | J30: 4500000
A31: 2.04 | B31: Desplazamiento y Trabajo In Situ | G31: Día/Persona | H31: 14 | I31: 20000 | J31: 280000
A32: 2.05 | G32: mes | H32: 3 | J32: 0
A33: 2.06 | G33: mes | H33: 3 | J33: 0
A34: 2.07 | G34: mes | H34: 3 | J34: 0
A35: 2.08 | G35: mes | H35: 3 | J35: 0
A36: 2.09 | G36: mes | H36: 3 | J36: 0
A37: 2.1 | G37: mes | H37: 3 | J37: 0
A38: 2.11 | G38: mes | H38: 3 | J38: 0
A39: 2.12 | G39: mes | H39: 3 | J39: 0
A40: 2.13 | G40: mes | H40: 3 | J40: 0
A41: 2.14 | G41: mes | H41: 3 | J41: 0
A42: 2.15 | G42: mes | H42: 3 | J42: 0
A44: 3 | B44: IMPUESTOS | J44: 33685734 | K44: 0.22024251
A45: 3.1 | B45: Retención en la fuente (1% sobre el valor gravable del contrato) | D45: Valor Gravable | G45: 125225774 | I45: 0.01 | J45: 1252258
A46: 3.2 | B46: FONSECON (5% sobre el valor gravable del contrato) | I46: 0.05 | J46: 6261289
A47: 3.3 | B47: Industria y comercio (10/1000 sobre el valor gravable del contrato). | I47: 0.01 | J47: 1252258
A48: 3.4 | B48: Impuesto 4x1000 | I48: 0.004 | J48: 500903
A49: 3.5 | B49: Impuesto Pronal: por los contratos cuyo valor esté entre 1 y 2.000 smmlv pagarán el 0.5%. Los contratos entre 2.001 y 6.000 smmlv pagarán el 1% y los contratos mayores a 6.001 smmlv pagarán el 2%. | I49: 0.005 | J49: 626129
A50: 3.6 | B50: IVA | I50: 0.19 | J50: 23792897
A51: TOTAL+ TOTAL IMPUESTOS, TASA Y CONTRIBUCIONES | I51: 152948376 | M51: U2 | N51: U3 | O51: U4 | P51: U5 | Q51: U6
A52: UTILIDAD 5% | I52: 5963132
A53: TOTAL ETAPA | I53: 158911508
B69: Salario mínimo | C69: 908526
B70: Base gravable y tarifa. El sujeto pasivo deﬁnido en el artículo 6° de la presente ley pagará por las suscripciones de los contratos de obra pública y sus conexos en función de las siguientes bases y tarifas:
B71: Los contratos cuyo valor esté entre 1 y 2.000 smmlv pagarán el 0.5%. | C71: 1817052000
B72: Los contratos entre 2.001 y 6.000 smmlv pagarán el 1% | C72: 5451156000
B73: los contratos mayores a 6.001 smmlv pagarán el 2% | C73: 5452064526
